 Dungeon Crawl Stone Soup version 0.24.0-13-gcf9b3192b9 (webtiles) character file.

Game seed: 8406902473522262021, levelgen mode: deterministic

15858991 skk the Gargoyle Barricade (level 27, 179/179 HPs)
             Began as a Gargoyle Fighter on Nov 4, 2019.
             Was the Champion of the Shining One.
             Escaped with the Orb
             ... and 15 runes on Nov 5, 2019!
             The game lasted 06:17:34 (99722 turns).

skk the Gargoyle Barricade (Gargoyle Fighter)      Turns: 99722, Time: 06:17:34

Health: 179/179    AC: 57    Str: 31    XL:     27
Magic:  36/36      EV: 30    Int: 13    God:    the Shining One [******]
Gold:   10441      SH: 42    Dex: 19    Spells: 21/30 levels left

rFire    + + +     SeeInvis +   M - +9 eudemon blade (holy)
rCold    + + +     Gourm    .   t - +8 large shield {reflect}
rNeg     + + +     Faith    .   c - +3 chain mail of the Invisible Hand {rPois Regen+ Dex+2 Slay+2}
rPois    ∞         Spirit   .   F - +0 hat of Bemas {Dex+7}
rElec    +         Reflect  +   r - +2 cloak {MR+}
rCorr    +         Harm     .   Z - +3 pair of gloves of Good Intentions {rC+ MR+ rCorr Int-3 SInv}
MR       +++++                  K - +4 pair of boots "Zefeok" {rF++ Dex+3 Stlth-}
Stlth    +.........             x - +6 amulet of reflection
HPRegen  1.19/turn              P - ring "Lipameg" {rF+ rC++ Int+4 Stlth+}
MPRegen  0.25/turn              V - ring "Colimp" {rF+ rC+ rN++ MR+ Int+3}

@: flying, glowing
A: antennae 1, big wings, claws 1, camouflage 2, clumsy 1, frail 1, low mp 1,
negative energy resistance 1, sense surroundings 1, regeneration 1, electricity
resistance, weak 1, unbreathing, evolution 1, petrification resistance, no
potion heal 1, rot immunity, AC +20
0: Orb of Zot
}: 15/15 runes: decaying, serpentine, slimy, silver, golden, iron, obsidian,
icy, bone, abyssal, demonic, glowing, magical, fiery, dark
a: Stop Flying, Divine Shield, Cleansing Flame, Summon Divine Warrior, Renounce
Religion


You escaped.
You worshipped the Shining One.
The Shining One was exalted by your worship.
You were not hungry.

You visited 18 branches of the dungeon, and saw 89 of its levels.
You visited Pandemonium 1 time, and saw 19 of its levels.
You visited the Abyss 1 time.
You completed 1 ziggurat, and saw 27 of its levels.
You also visited: Bailey, Ice Cave and Wizlab.

You collected 18045 gold pieces.
You spent 7604 gold pieces at shops.

Inventory:

Hand Weapons
 e - the +7 Singing Sword {slice, sonic wave}
   (You found it on level 5 of a ziggurat)

   It inflicts extra damage upon your enemies.
 w - the +10 trident of Superiority {venom, +Rage rF+ Int+5}
   (Okawaru gifted it to you on level 5 of the Pits of Slime)

   It poisons the flesh of those it strikes.
   It affects your intelligence (+5).
   It protects you from fire.
   It lets you go berserk.
 M - a +9 eudemon blade of holy wrath (weapon)
Missiles
 S - 3 throwing nets (quivered)
Armour
 c - the +3 chain mail of the Invisible Hand (worn) {rPois Regen+ Dex+2 Slay+2}
   (You found it on level 3 of the Snake Pit)

   It affects your dexterity (+2).
   It affects your accuracy and damage with ranged weapons and melee attacks
   (+2).
   It protects you from poison.
   It increases your rate of regeneration.
 r - a +2 cloak of magic resistance (worn)
 t - a +8 large shield of reflection (worn)
 v - a +2 pair of boots of running
 C - the +3 pair of gauntlets of War {Slay+5}
   (You acquired it on level 4 of the Depths)

   It affects your accuracy and damage with ranged weapons and melee attacks
   (+5).
 F - the +0 hat of Bemas (worn) {Dex+7}
   (Okawaru gifted it to you on level 5 of the Lair of Beasts)

   It affects your dexterity (+7).
 G - the +15 Maxwell's patent armour {-Cast -Tele rElec MR+ rCorr}
   (Okawaru gifted it to you on level 1 of the Snake Pit)

   It insulates you from electricity.
   It affects your resistance to hostile enchantments.
   It prevents spellcasting.
   It prevents most forms of teleportation.
   It provides partial protection from all sources of acid and corrosion.
 K - the +4 pair of boots "Zefeok" (worn) {rF++ Dex+3 Stlth-}
   (You found it on level 9 of a ziggurat)

   It affects your dexterity (+3).
   It greatly protects you from fire.
   It makes you less stealthy.
 X - the +2 helmet "Ypella" {MR+ Int+2 Dex+4}
   (You found it on level 3 of the Crypt)

   It affects your intelligence (+2).
   It affects your dexterity (+4).
   It affects your resistance to hostile enchantments.
 Z - the +3 pair of gloves of Good Intentions (worn) {rC+ MR+ rCorr Int-3 SInv}
   (You bought it in a shop on level 1 of the Snake Pit)

   It affects your intelligence (-3).
   It protects you from cold.
   It affects your resistance to hostile enchantments.
   It lets you see invisible.
   It provides partial protection from all sources of acid and corrosion.
Jewellery
 x - a +6 amulet of reflection (around neck)
 A - a +4 ring of intelligence
 P - the ring "Lipameg" (left hand) {rF+ rC++ Int+4 Stlth+}
   (You found it in an ice cave)

   [ring of stealth]

   It affects your intelligence (+4).
   It protects you from fire.
   It greatly protects you from cold.
   It makes you more stealthy.
 V - the ring "Colimp" (right hand) {rF+ rC+ rN++ MR+ Int+3}
   (You found it on level 4 of the Snake Pit)

   [ring of intelligence]

   It affects your intelligence (+3).
   It protects you from fire.
   It protects you from cold.
   It greatly protects you from negative energy.
   It affects your resistance to hostile enchantments.
Wands
 o - a wand of acid (31)
 z - a wand of iceblast (78)
Scrolls
 a - 16 scrolls of enchant armour
 b - 18 scrolls of enchant weapon
 i - 5 scrolls of identify
 m - 34 scrolls of remove curse
 q - 24 scrolls of fog
 u - 3 scrolls of amnesia
 y - 9 scrolls of holy word
 D - 31 scrolls of teleportation
 E - 5 scrolls of immolation
 I - 2 scrolls of magic mapping
 J - 28 scrolls of blinking
 R - 6 scrolls of fear
 T - 6 scrolls of silence
Potions
 g - 42 potions of curing
 j - a potion of ambrosia
 k - 3 potions of berserk rage
 l - 10 potions of cancellation
 n - a potion of magic
 s - 14 potions of brilliance
 B - 7 potions of agility
 H - 5 potions of mutation
 O - 3 potions of heal wounds
 Y - 5 potions of resistance
Miscellaneous
 h - 2 +1 figurines of a ziggurat
 p - 12 boxes of beasts
 N - 12 phantom mirrors
 Q - 9 sacks of spiders
Comestibles
 f - 76 rations


   Skills:
 O Level 27 Fighting
 O Level 27 Long Blades
   Level 15.2(19.0) Axes
   Level 11.2(15.0) Maces & Flails
 + Level 17.1(19.1) Polearms
 + Level 2.3 Throwing
 O Level 27 Armour
 O Level 27 Dodging
 * Level 14.4 Stealth
 O Level 27 Shields
 + Level 2.5 Unarmed Combat
 + Level 2.4 Spellcasting
 O Level 27 Invocations
 * Level 23.9 Evocations


You had 21 spell levels left.
You knew the following spells:

 Your Spells              Type           Power        Failure   Level  Hunger
a - Shatter               Erth           #.........   100%        9    #######

Your spell library contained the following spells:

 Spells                   Type           Power        Failure   Level  Hunger
 Animate Skeleton         Necr           N/A          43%         1    #......
 Apportation              Tloc           #.....       43%         1    #......
 Beastly Appendage        Tmut           #.....       43%         1    #......
 Confusing Touch          Hex            #.....       43%         1    #......
 Corona                   Hex            #......      43%         1    #......
 Flame Tongue             Conj/Fire      #....        43%         1    #......
 Freeze                   Ice            #...         43%         1    #......
 Infusion                 Chrm           #...         43%         1    #......
 Magic Dart               Conj           #...         43%         1    #......
 Pain                     Necr           #...         43%         1    #......
 Sandblast                Erth           #.....       43%         1    #......
 Shock                    Conj/Air       #...         43%         1    #......
 Sting                    Conj/Pois      #...         43%         1    #......
 Summon Butterflies       Summ           #.......     43%         1    #......
 Summon Small Mammal      Summ           #...         43%         1    #......
 Blink                    Tloc           N/A          56%         2    ###....
 Call Imp                 Summ           #.......     56%         2    ###....
 Corpse Rot               Necr           N/A          56%         2    ###....
 Ensorcelled Hibernation  Hex/Ice        #.....       56%         2    ###....
 Passwall                 Tmut/Erth      #.......     56%         2    ###....
 Poisonous Vapours        Pois/Air       #.....       56%         2    ###....
 Searing Ray              Conj           #.....       56%         2    ###....
 Shroud of Golubria       Chrm/Tloc      #.....       56%         2    ###....
 Slow                     Hex            #.......     56%         2    ###....
 Song of Slaying          Chrm           #.......     56%         2    ###....
 Swiftness                Chrm/Air       #.......     56%         2    ###....
 Throw Flame              Conj/Fire      #.....       56%         2    ###....
 Throw Frost              Conj/Ice       #.....       56%         2    ###....
 Call Canine Familiar     Summ           #.......     80%         3    ###....
 Confuse                  Hex            #.......     80%         3    ###....
 Conjure Flame            Conj/Fire      #.......     80%         3    ###....
 Dazzling Spray           Conj/Hex       #.....       80%         3    ###....
 Gell's Gravitas          Tloc           #.........   80%         3    ###....
 Ignite Poison            Fire/Tmut/Pois #.......     80%         3    ###....
 Inner Flame              Hex/Fire       #.......     80%         3    ###....
 Lesser Beckoning         Tloc           #.........   80%         3    ###....
 Mephitic Cloud           Conj/Pois/Air  #.......     80%         3    ###....
 Ozocubu's Armour         Chrm/Ice       #.......     80%         3    ###....
 Portal Projectile        Hex/Tloc       #.....       80%         3    ###....
 Recall                   Summ/Tloc      N/A          80%         3    ###....
 Regeneration             Chrm/Necr      #.........   80%         3    ###....
 Spectral Weapon          Hex/Chrm       #.......     80%         3    ###....
 Spider Form              Tmut/Pois      #.........   80%         3    ###....
 Static Discharge         Conj/Air       #.......     80%         3    ###....
 Stone Arrow              Conj/Erth      #.....       80%         3    ###....
 Summon Guardian Golem    Hex/Summ       #.......     80%         3    ###....
 Teleport Other           Tloc           #.......     80%         3    ###....
 Tukima's Dance           Hex            #.......     80%         3    ###....
 Vampiric Draining        Necr           #.........   80%         3    ###....
 Airstrike                Air            #.........   99%         4    #####..
 Animate Dead             Necr           N/A          99%         4    #####..
 Cause Fear               Hex            #.........   99%         4    #####..
 Force Lance              Conj/Tloc      #.......     99%         4    #####..
 Fulminant Prism          Conj/Hex       #.........   99%         4    #####..
 Ice Form                 Ice/Tmut       #.......     99%         4    #####..
 Iskenderun's Mystic Bla  Conj           #.......     99%         4    #####..
 Leda's Liquefaction      Hex/Erth       #.........   99%         4    #####..
 Olgreb's Toxic Radiance  Pois           #.......     99%         4    #####..
 Petrify                  Tmut/Erth      #.......     99%         4    #####..
 Sticky Flame             Conj/Fire      #.......     99%         4    #####..
 Summon Ice Beast         Ice/Summ       #.......     99%         4    #####..
 Summon Lightning Spire   Summ/Air       #.......     99%         4    #####..
 Throw Icicle             Conj/Ice       #.......     99%         4    #####..
 Agony                    Necr           #.......     100%        5    ######.
 Alistair's Intoxication  Tmut/Pois      #.......     100%        5    ######.
 Aura of Abjuration       Summ           #.........   100%        5    ######.
 Bolt of Draining         Conj/Necr      #.........   100%        5    ######.
 Bolt of Magma            Conj/Fire/Erth #.........   100%        5    ######.
 Borgnjor's Vile Clutch   Necr/Erth      #.........   100%        5    ######.
 Dispel Undead            Necr           #.......     100%        5    ######.
 Excruciating Wounds      Chrm/Necr      #.........   100%        5    ######.
 Fireball                 Conj/Fire      #.........   100%        5    ######.
 Irradiate                Conj/Tmut      #.........   100%        5    ######.
 Iskenderun's Battlesphe  Conj/Chrm      #.......     100%        5    ######.
 Lee's Rapid Deconstruct  Erth           #.........   100%        5    ######.
 Lightning Bolt           Conj/Air       #.........   100%        5    ######.
 Metabolic Englaciation   Hex/Ice        #.........   100%        5    ######.
 Silence                  Hex/Air        #.........   100%        5    ######.
 Summon Demon             Summ           #.........   100%        5    ######.
 Summon Forest            Summ/Tloc      #.........   100%        5    ######.
 Summon Mana Viper        Hex/Summ       #.......     100%        5    ######.
 Venom Bolt               Conj/Pois      #.........   100%        5    ######.
 Yara's Violent Unravell  Hex/Tmut       #.........   100%        5    ######.
 Bolt of Cold             Conj/Ice       #.........   100%        6    #######
 Bolt of Fire             Conj/Fire      #.........   100%        6    #######
 Conjure Ball Lightning   Conj/Air       #.........   100%        6    #######
 Darkness                 Hex            #.........   100%        6    #######
 Death Channel            Necr           #.........   100%        6    #######
 Deflect Missiles         Chrm/Air       #.........   100%        6    #######
 Dispersal                Tloc           #.........   100%        6    #######
 Freezing Cloud           Conj/Ice/Air   #.........   100%        6    #######
 Hydra Form               Tmut           #.........   100%        6    #######
 Invisibility             Hex            #.......     100%        6    #######
 Iron Shot                Conj/Erth      #.........   100%        6    #######
 Ozocubu's Refrigeration  Ice            #.........   100%        6    #######
 Shadow Creatures         Summ           N/A          100%        6    #######
 Simulacrum               Ice/Necr       #.........   100%        6    #######
 Dragon Form              Tmut           #.........   100%        7    #######
 Haunt                    Necr/Summ      #.........   100%        7    #######
 Malign Gateway           Summ/Tloc      #.........   100%        7    #######
 Orb of Destruction       Conj           #.........   100%        7    #######
 Ring of Flames           Chrm/Fire      #.........   100%        7    #######
 Spellforged Servitor     Conj/Summ      #.........   100%        7    #######
 Summon Hydra             Summ           #.........   100%        7    #######
 Borgnjor's Revivificati  Necr           #.........   100%        8    #######
 Controlled Blink         Tloc           N/A          100%        8    #######
 Death's Door             Chrm/Necr      #.........   100%        8    #######
 Discord                  Hex            #.........   100%        8    #######
 Disjunction              Tloc           #.........   100%        8    #######
 Ignition                 Fire           #.........   100%        8    #######
 Infestation              Necr           #.........   100%        8    #######
 Necromutation            Tmut/Necr      #.........   100%        8    #######
 Dragon's Call            Summ           #.........   100%        9    #######
 Tornado                  Air            #.........   100%        9    #######
 Sublimation of Blood     Necr           Unusable     N/A         2    N/A
 Passage of Golubria      Tloc           Unusable     N/A         4    N/A
 Statue Form              Tmut/Erth      Unusable     N/A         6    N/A

Dungeon Overview and Level Annotations

Branches:
Dungeon (15/15)            Temple (1/1) D:6            Lair (6/6) D:8
  Swamp (4/4) Lair:2        Snake (4/4) Lair:2        Slime (5/5) Lair:5
    Orc (2/2) D:9             Elf (3/3) Orc:2        Vaults (5/5) D:14
  Crypt (3/3) Vaults:3       Tomb (3/3) Crypt:3      Depths (5/5) D:15
   Hell (visited)             Dis (7/7) Hell            Geh (7/7) Hell
    Coc (7/7) Hell            Tar (7/7) Hell            Zot (5/5) Depths:5
 Bailey (visited)           IceCv (visited)          WizLab (visited)

Altars:
Ashenzari
Cheibriados
Dithmenos
Elyvilon
Fedhas
Gozag
Hepliaklqana
Kikubaaqudgha
Makhleb
Nemelex Xobeh
Okawaru
Qazlal
Ru
Sif Muna
Trog
Uskayaw
Vehumet
Wu Jian
Xom
Yredelemnul
Zin
The Shining One
Beogh
Jiyva

Shops:
D:4 *   D:6 [!:   Orc:2 *[(   Elf:1 (   Snake:1 **%   Snake:4 %   Vaults:2 (
Vaults:3 *   Vaults:4 %   Vaults:5 *

Portals:
Hell: Depths:1 Depths:2 Depths:3 Depths:4 Depths:5
Abyss: Depths:4
Pandemonium: Depths:1 Depths:3


Innate Abilities, Weirdness & Mutations

You are resistant to torment.
Your stone body is resilient. (AC +20)
You are immune to poison.
Your large and strong wings let you fly indefinitely.
You resist negative energy. (rN+)
You are resistant to electric shocks. (rElec)
You can survive without breathing.
You are immune to petrification.
You are immune to rotting.
You have a pair of small antennae on your head.
You have sharp fingernails.
Your skin blends seamlessly with your surroundings (Stealth++).
You are clumsy. (Dex -2)
You are frail. (-10% HP)
Your magical capacity is low. (-10% MP)
You passively map a small area around you.
Your natural rate of healing is unusually fast.
You are weak. (Str -2)
You evolve.
Potions are less effective at restoring your health.


Message History

HP restored.
There is a stone staircase leading up here.
Your divine shield fades away.
You fly upwards.
There is a stone staircase leading down here.
You sense a monster nearby.
An Orb Guardian comes into view.
You block the Orb Guardian's attack.
You slice the Orb Guardian!!
The Orb Guardian is heavily wounded.
You block the Orb Guardian's attack.
You slash the Orb Guardian!
The Orb Guardian is severely wounded.
You slice the Orb Guardian!!
The Orb Guardian is almost dead.
You block the Orb Guardian's attack.
You slice the Orb Guardian like a ripe choko!!!!
You kill the Orb Guardian!
There is a staircase leading out of the dungeon here.
You have escaped!

....#####..## #.##.######.....
.....# ##..# #.#..# #.....
.....###############.## #.....
........##...#...##..# #.....
.....#####.#.#.#.###### #.....
.....# ####.#.####...#### ####.#
.....# #.........###....# #.#
....## #.##...##.#...#..# #.#
...## #..#...#@.###.#..### ##.#
#### ####...#### #.#....# #..#
...# ##....##.# #.#.##.# #.##
#..### #..####..# #.#.##.###.#
.....####.## ##.## #.#....##..##
...........###..#####...#####.##.
#........#.#>#.#.#.#.#.#.#.#.#.#.
##.......##......................
...#.......#.#.#.#.#.#.#.#.#.#.##


There were no monsters in sight!

Vanquished Creatures
  Cerebov (Pan)
  Antaeus (Coc:7)
  the Royal Jelly (Slime:5)
  Gloorx Vloq (Pan)
  Lom Lobon (Pan)
  Mnoleg (Pan)
  21 ancient liches
  3 orbs of fire (Zot:5)
  Mennas (Crypt:3)
  12 juggernauts
  56 greater mummies
  Bai Suzhen (Depths:1)
  2 Killer Klowns (Zot:5)
  Frederick (Depths:4)
  6 shard shrikes
  A curse toe (Crypt:3)
  Saint Roka (Vaults:4)
  Vashnia (Snake:4)
  Geryon (Hell)
  12 pandemonium lords
  10 golden dragons
  the Enchantress (Depths:1)
  4 profane servitors
  Nikola (Swamp:3)
  Jory (Vaults:4)
  11 bone dragons
  22 Brimstone Fiends
  5 pearl dragons (Zig:25)
  The ghost of Kucw the Warrior, an adept GrFi of Cheibriados (Crypt:1)
  20 Tzitzimimeh
  A shard shrike zombie (Crypt:3)
  3 electric golems
  9 iron giants
  3 hellephants
  Jorgrun (Swamp:2)
  5 doom hounds
  14 liches
  The ghost of Kaobra the Tortoise, an adept GnWz of Ashenzari (Elf:2)
  9 Hell Sentinels
  14 tentacled monstrosities
  23 Ice Fiends
  27 Orb Guardians
  5 quicksilver dragons
  Asterion (Vaults:2)
  7 deep elf master archers
  13 titans
  12 deep elf blademasters
  43 acid blobs
  16 sphinxes
  An acid blob (shapeshifter) (Vaults:5)
  2 death cobs (Zot:5)
  11 tentacled starspawn
  21 Executioners
  31 ancient champions
  Frances (D:13)
  Kirke (Swamp:1)
  Agnes (D:15)
  6 thorn hunters
  6 eldritch tentacles
  6 storm dragons
  19 shadow dragons
  6 tengu reavers
  Donald (Orc:2)
  4 daevas (Zig:25)
  11 draconian monks
  16 revenants
  12 nagarajas
  21 azure jellies
  The ghost of Minnurau the Transmogrifier, an adept VSEE of Cheibriados (Snake:1)
  24 frost giants
  7 draconian shifters
  11 ghost moths
  11 draconian knights
  Louise (D:15)
  24 fire giants
  13 vault wardens
  5 warmongers (Pan)
  9 deep elf sorcerers
  Aizul (Snake:1)
  35 balrugs
  2 emperor scorpions (Zig:19)
  12 iron dragons
  6 angels
  21 orc warlords
  10 deep elf elementalists
  7 draconian stormcallers
  5 curse skulls
  13 draconian scorchers
  11 ghouls
  7 corrupters
  5 spriggan defenders
  2 juggernaut zombies
  28 cacodemons
  56 reapers
  5 war gargoyles
  4 entropy weavers
  8 draconian annihilators
  8 ophanim
  2 elemental wellsprings (Coc:7)
  A stone giant (shapeshifter) (Vaults:5)
  12 ironheart preservers
  12 blood saints
  4 caustic shrike skeletons
  42 very ugly things
  2 juggernaut skeletons
  15 black draconians
  22 green draconians
  34 stone giants
  14 vampire knights
  16 black suns
  16 deep elf demonologists
  18 bennus
  A dire elephant (Lair:6)
  10 apis (Zig:25)
  The ghost of Odimp the Protected, a journeyman KoWn of Wu Jian (Lair:4)
  8 yellow draconians
  14 deep elf annihilators
  7 lorocyprocas
  3 spark wasps (Depths:5)
  13 red draconians
  18 purple draconians
  14 white draconians
  23 blizzard demons
  30 ettins
  33 mummy priests
  15 eidola
  3 merfolk javelineers
  14 deep elf death magi
  16 green deaths
  2 crystal guardians
  11 death oozes
  11 jiangshi
  A merfolk impaler (Zig:7)
  5 quicksilver dragon zombies
  10 fire dragons
  4 deep elf high priests
  6 yaktaur captains
  Erolcha (D:10)
  A kraken zombie (Coc:1)
  Josephine (Snake:1)
  24 hydras
  A spectral tengu (Zig:15)
  18 great orbs of eyes
  A spectral golden dragon (Zig:15)
  27 ice dragons
  32 vault guards
  6 rakshasas
  7 monstrous demonspawn (Pan)
  Harold (D:9)
  4 shambling mangroves
  3 quicksilver dragon skeletons
  18 naga warriors
  6 hell beasts (Pan)
  3 ghost crabs
  Erica (D:10)
  8 centaur warriors
  4 death knights
  4 alligator snapping turtles (Zig:19)
  A catoblepas (D:14)
  14 anacondas
  9 ogre magi
  A spectral fire giant (Zig:15)
  5 spriggan air magi
  19 death yaks
  5 deep troll shamans
  26 two-headed ogres
  22 alligators
  26 vampire magi
  65 death scarabs
  6 deep troll earth magi
  6 merfolk aquamancers
  A tengu warrior (Depths:4)
  17 naga sharpshooters
  9 titan zombies
  27 thrashing horrors
  30 dancing weapons
  11 shock serpents
  2 spectral storm dragons (Zig:15)
  2 spriggan berserkers
  33 hell hogs
  53 soul eaters
  8 orc high priests
  Urug (D:10)
  2 iron golems
  8 wretched stars
  29 deep elf knights
  72 sun demons
  2 spectral elves (Zig:15)
  10 storm dragon zombies
  4 spatial maelstroms
  136 skeletal warriors
  13 titan skeletons
  26 iron trolls
  A salamander mystic (Snake:3)
  16 shadow wraiths
  35 hell knights
  9 sea snakes (Snake:4)
  6 golden dragon zombies
  3 quicksilver dragon simulacra
  2 fire crabs
  34 sixfirhies
  2 ghost moth zombies
  8 cherubim (Zig:25)
  A spark wasp zombie (Depths:2)
  10 gelid demonspawn
  9 torturous demonspawn
  6 unseen horrors
  7 naga ritualists
  4 infernal demonspawn (Pan)
  17 shadow demons
  7 storm dragon skeletons
  17 swamp dragons
  An obsidian statue (Snake:1)
  11 anaconda zombies
  11 anaconda skeletons
  3 shadow dragon zombies
  28 deep elf archers
  2 lindwurms (Swamp:4)
  40 deep trolls
  15 flayed ghosts
  4 spriggan druids
  5 golden dragon skeletons
  15 ironbrand convokers
  7 mana vipers
  3 tengu zombies
  18 orc knights
  14 necromancers
  9 wizards
  6 glowing orange brains
  78 deep elf magi
  2 iron dragon zombies
  3 wolf spider zombies
  4 orb spiders (Zig:12)
  3 sphinx zombies
  A shining eye (shapeshifter) (Vaults:3)
  12 phantasmal warriors
  5 shadow dragon skeletons
  3 tengu skeletons
  A harpy (Vaults:2)
  72 ugly things
  8 wolf spiders
  2 oklob plants (Lair:1)
  4 manticores
  A cyclops (shapeshifter) (Vaults:4)
  5 stone giant zombies
  An orb spider (shapeshifter) (Vaults:1)
  A mana viper (shapeshifter) (Vaults:4)
  13 orc sorcerers
  9 frost giant zombies
  7 cyclopes
  2 sphinx skeletons
  A salamander (shapeshifter) (Depths:3)
  15 fire giant zombies
  20 moths of wrath
  8 salamanders
  A shock serpent zombie (Dis:7)
  7 stone giant skeletons
  A faun (shapeshifter) (Vaults:5)
  7 iron dragon skeletons
  16 shining eyes
  3 worldbinders
  8 elf zombies
  4 ice statues
  Maurice (D:10)
  10 fire giant skeletons
  46 rust devils
  13 elephants
  2 water nymphs (Zig:7)
  A demonspawn zombie (WizLab)
  11 vault sentinels
  A merfolk siren (Zig:7)
  6 frost giant skeletons
  51 black mambas
  19 naga magi
  4 eyes of devastation
  6 dire elephant zombies
  Joseph (D:10)
  13 guardian serpents
  51 smoke demons
  2 torpor snails
  2 apocalypse crabs
  10 molten gargoyles
  16 spiny frogs
  35 orange demons
  3 gargoyles
  5 dire elephant skeletons
  29 hellions
  2 shock serpent skeletons
  2 kobold demonologists
  A titan simulacrum (Zig:14)
  A spiny frog (shapeshifter) (Depths:2)
  2 emperor scorpion zombies
  4 anaconda simulacra (IceCv)
  3 catoblepas zombies
  8 rime drakes
  A black draconian zombie (Crypt:3)
  45 tormentors
  2 spriggan skeletons (Zig:27)
  2 yaktaurs (shapeshifter)
  10 demonic crawlers
  19 efreet
  2 komodo dragons (shapeshifter)
  45 freezing wraiths
  29 hellwings
  11 komodo dragons
  A minotaur skeleton (Coc:7)
  16 yaktaurs
  40 red devils
  2 tengu conjurers
  2 silent spectres
  2 catoblepas skeletons (Crypt:3)
  8 ancient zymes
  53 ice devils
  A queen bee (shapeshifter) (Depths:3)
  19 hydra zombies
  71 guardian mummies
  10 polar bears
  5 golden dragon simulacra
  6 merfolk
  4 harpy skeletons
  2 harpy zombies
  2 trolls
  A jumping spider (shapeshifter) (Vaults:1)
  2 jumping spiders (Zig:12)
  A tengu simulacrum (Zig:14)
  2 hornets (shapeshifter)
  A merfolk (shapeshifter) (Abyss:5)
  14 tyrant leeches
  A dream sheep (shapeshifter) (Depths:1)
  6 ettin zombies
  3 spriggan zombies
  22 raiju
  A slime creature (shapeshifter) (Vaults:3)
  A dream sheep (Lair:6)
  29 hornets
  A blink frog (shapeshifter) (Vaults:2)
  16 blink frogs
  23 bog bodies
  An iron dragon simulacrum (Abyss:5)
  191 slime creatures
  A hydra skeleton (Tar:3)
  3 snapping turtles
  12 hippogriffs
  6 ettin skeletons
  115 flying skulls
  6 alligator zombies
  9 ice dragon zombies
  9 fire dragon zombies
  45 shadows
  A vampire (D:10)
  A deep troll skeleton (Depths:1)
  6 fire dragon skeletons
  21 spriggans
  5 alligator skeletons
  2 tarantellas
  50 starcursed masses
  A guardian serpent skeleton (Crypt:1)
  6 redbacks
  24 ynoxinuls
  A tarantella (shapeshifter) (Vaults:3)
  2 black mamba zombies (Dis:7)
  7 ice dragon skeletons
  A spriggan (shapeshifter) (Depths:1)
  2 air elementals
  14 water elementals
  26 wraiths
  29 yaks
  2 dire elephant simulacra (IceCv)
  31 fire elementals
  5 black mamba skeletons
  5 wyverns
  10 humans (D:14)
  45 ushabtiu
  3 basilisks
  38 chaos spawn
  37 neqoxecs
  A death yak simulacrum (IceCv)
  12 golden eyes
  4 hogs (Swamp:1)
  8 steam dragons
  26 wargs
  6 hungry ghosts
  15 vampire mosquitoes
  19 small abominations
  Menkaure (D:7)
  4 harpy simulacra
  4 human zombies
  A soldier ant (shapeshifter) (Vaults:4)
  12 spatial vortices
  10 insubstantial wisps (Swamp:3)
  18 swamp worms
  3 iron troll simulacra (IceCv)
  3 soldier ants
  A water moccasin (shapeshifter) (Abyss:4)
  2 hydra simulacra
  3 acid dragons
  57 nagas
  69 hell hounds
  4 floating eyes
  2 hornet zombies (D:12)
  7 porcupines
  9 spiny frog zombies
  12 water moccasins
  4 ettin simulacra
  16 swamp drakes
  A dream sheep zombie (Crypt:3)
  4 spiny frog skeletons
  68 orc warriors
  55 large abominations
  An alligator simulacrum (IceCv)
  13 black bears
  A swamp dragon zombie (Crypt:3)
  11 ice beasts
  3 sky beasts
  3 manticore zombies
  A fire dragon simulacrum (Depths:1)
  5 snapping turtle zombies
  20 eyes of draining
  24 necrophages
  A blink frog zombie (Crypt:2)
  An ice dragon simulacrum (Coc:4)
  11 boggarts
  34 ogres
  11 phantoms
  16 centaurs
  18 wolves
  3 snapping turtle skeletons
  3 manticore skeletons
  An ogre (shapeshifter) (Depths:2)
  A swamp dragon skeleton (Pan)
  A dream sheep skeleton (Crypt:2)
  A rime drake zombie (Crypt:2)
  14 crocodiles
  An elf simulacrum (Zig:14)
  An octopode zombie (Crypt:3)
  5 big kobolds
  A hippogriff zombie (Crypt:1)
  A yaktaur zombie (WizLab)
  5 earth elementals
  12 bullfrogs
  A glowing shapeshifter simulacrum (Zig:14)
  3 elf skeletons
  6 scorpions
  46 wights
  14 killer bees
  A yak skeleton (Crypt:2)
  7 howler monkeys
  A raiju skeleton (Crypt:1)
  A troll skeleton (Crypt:3)
  A human simulacrum (Vaults:2)
  16 crimson imps
  6 centaur zombies
  6 quasits
  25 orc priests
  7 centaur skeletons
  6 hounds
  12 jellies
  A hound (shapeshifter) (Vaults:5)
  2 bullfrog skeletons
  A bullfrog zombie (D:10)
  7 iguanas
  19 iron imps
  A human skeleton (Crypt:1)
  Crazy Yiuf (D:6)
  Ijyb (D:3)
  Natasha (thrice) (D:3)
  28 orc wizards
  A troll simulacrum (IceCv)
  3 polar bear simulacra (IceCv)
  7 worker ants
  A killer bee zombie (Crypt:1)
  2 spriggan simulacra
  An ogre zombie (Coc:5)
  2 centaur simulacra (IceCv)
  A sky beast zombie (Crypt:2)
  An acid dragon skeleton (Crypt:2)
  An ogre skeleton (Crypt:1)
  A naga skeleton (Crypt:1)
  A hound zombie (D:5)
  A hound skeleton (D:4)
  112 mummies
  2 howler monkey zombies
  4 gnolls (D:7)
  A naga simulacrum (IceCv)
  12 adders
  2 ogre simulacra (IceCv)
  11 shadow imps
  13 white imps
  9 ufetubi
  An ooze (D:3)
  An adder zombie (D:7)
  An iguana zombie (Crypt:1)
  3 adder skeletons
  2 worms
  A ball lightning (Pan)
  3 dart slugs
  5 leopard geckos
  155 orcs
  A ball python (Lair:2)
  3 giant cockroaches
  5 hobgoblins
  A jackal (D:1)
  3 quokkas
  11 bats
  2 frilled lizards (D:1)
  A frilled lizard zombie (Crypt:3)
  A gnoll zombie (Crypt:1)
  8 goblins
  2 jackal zombies
  19 kobolds
  2 kobold skeletons
  A kobold zombie (Coc:4)
  2 orc skeletons
  A quokka zombie (D:4)
  4 rats
  A river rat skeleton (Crypt:3)
  46 briar patches
  14 crawling corpses
  7 fire vortices
  A lurking horror (Abyss:4)
  2 plants
  10 starspawn tentacles
  3 tentacles (Coc:1)
6094 creatures vanquished.

Vanquished Creatures (collateral kills)
  Asmodeus (Geh:7)
  Ereshkigal (Tar:7)
  Dispater (Dis:7)
  4 pearl dragons (Zig:25)
  3 Brimstone Fiends (Geh:7)
  A Tzitzimitl (Tar:7)
  A deep elf master archer (Tomb:1)
  An acid blob (Slime:5)
  A deep elf blademaster (Tomb:1)
  A sphinx (Tomb:1)
  A shadow dragon (Tar:7)
  A draconian knight (Zig:13)
  3 daevas (Zig:25)
  A balrug (Geh:7)
  A draconian scorcher (Zig:13)
  A draconian shifter (Zig:21)
  4 angels (Zig:25)
  A draconian annihilator (Zig:13)
  A reaper (Zig:16)
  A caustic shrike skeleton (Zig:16)
  2 apis (Zig:25)
  A green draconian (Zig:13)
  4 ophanim (Zig:25)
  A black draconian (Zig:21)
  A red draconian (Tomb:1)
  A yellow draconian (Zig:13)
  A death ooze (Slime:5)
  A hell hog (Geh:7)
  3 deep elf knights (Tomb:1)
  3 skeletal warriors (Zig:16)
  4 cherubim (Zig:25)
  A deep elf archer (Tomb:1)
  A shadow demon (Zig:16)
  A wizard (Pan)
  A smoke demon (Pan)
  A hellion (Geh:7)
  An ice devil (Zig:16)
  2 silent spectres
  3 red devils (Geh:7)
  2 tormentors (Zig:16)
  A hydra zombie (Tar:7)
  An elf zombie (Zig:16)
  3 shadows
  A flying skull (Zig:16)
  An ettin skeleton (Tar:7)
  A hungry ghost (Zig:16)
  A spiny frog zombie (Tar:7)
  A necrophage (Zig:16)
  A wight (Zig:16)
  5 shadow imps (Zig:16)
  A ball lightning (Pan)
82 creatures vanquished.

Vanquished Creatures (others)
  A tentacled monstrosity (Zig:9)
  3 deep elf master archers
  2 eldritch tentacles
  A nagaraja (Snake:1)
  2 fire giants
  Nessos (D:15)
  6 stone giants
  A deep elf demonologist (Zig:22)
  A corrupter (Pan)
  A spark wasp (Depths:5)
  2 blizzard demons
  A green death (Pan)
  A yaktaur captain (Vaults:5)
  2 centaur warriors
  4 alligators (Swamp:3)
  A hell hog (Geh:1)
  2 soul eaters
  4 naga sharpshooters (Snake:4)
  A cherub (Zig:25)
  3 wizards (Pan)
  4 swamp dragons (Swamp:4)
  7 deep elf archers
  A wolf spider (Vaults:5)
  4 deep elf magi
  A stone giant skeleton (Crypt:3)
  2 cyclopes
  A naga mage (Snake:4)
  A rust devil (Depths:5)
  A molten gargoyle (Geh:7)
  5 smoke demons (Pan)
  10 yaktaurs
  A rime drake (Zig:14)
  An efreet (Depths:5)
  4 hellwings (Pan)
  A red devil (Pan)
  2 hornets
  A slime creature (Swamp:3)
  A flying skull (Tomb:1)
  An air elemental (Elf:2)
  A small abomination (Abyss:4)
  3 steam dragons (Swamp:4)
  A vampire mosquito (Swamp:3)
  2 nagas (Snake:4)
  A warg (Vaults:3)
  A hell hound (Depths:5)
  An orc warrior (Elf:3)
  An ice beast (Snake:4)
  3 swamp drakes (Swamp:4)
  An ettin simulacrum (Depths:5)
  2 necrophages
  A boggart (Depths:3)
  9 centaurs
  A wight (D:7)
  An iron imp (Depths:1)
  2 mummies (Tomb:1)
  A shadow imp (Tar:6)
  9 ball lightnings (Pan)
  An orc (Vaults:2)
  6 briar patches
  A bush (Lair:2)
  2 demonic plants (Pan)
  3 fungi
  A lurking horror (Abyss:1)
  21 plants
  19 starspawn tentacles
  A tentacle (Coc:1)
185 creatures vanquished.

Grand Total: 6361 creatures vanquished

Notes
Turn   | Place    | Note
-------+----------+-------------------------------------------
     0 | D:1      | skk the Gargoyle Fighter began the quest for the Orb.
     0 | D:1      | Reached XP level 1. HP: 14/14 MP: 1/1
    42 | D:1      | Reached XP level 2. HP: 18/19 MP: 2/2
   348 | D:1      | Reached XP level 3. HP: 17/23 MP: 3/3
  1685 | D:3      | Noticed Natasha
  1705 | D:3      | Killed Natasha
  1705 | D:3      | Reached XP level 4. HP: 23/28 MP: 4/4
  1736 | D:3      | Noticed Natasha
  1739 | D:3      | Killed Natasha
  1739 | D:3      | Reached skill level 1 in Maces & Flails
  1790 | D:3      | Reached XP level 5. HP: 32/32 MP: 5/5
  2031 | D:3      | Noticed Natasha
  2038 | D:3      | Killed Natasha
  2135 | D:3      | Noticed Ijyb
  2142 | D:3      | Killed Ijyb
  2142 | D:3      | Reached skill level 5 in Shields
  2388 | D:4      | Noticed an ogre
  2392 | D:4      | Killed an ogre
  2392 | D:4      | Reached skill level 1 in Dodging
  2392 | D:4      | Reached XP level 6. HP: 21/38 MP: 6/6
  2443 | D:4      | Found a blossoming altar of Fedhas.
  2546 | D:4      | Found Koirr's Assorted Antiques.
  2563 | D:4      | Bought a faintly glowing pewter ring for 95 gold pieces
  2563 | D:4      | Bought a bubbling brown potion for 17 gold pieces
  2563 | D:4      | Identified the ring "Ypazehan" {rF+ rC+ SInv} (You bought
                  | it in a shop on level 4 of the Dungeon)
  2611 | D:4      | Got a brightly glowing ring mail
  2657 | D:4      | Reached XP level 7. HP: 41/42 MP: 7/7
  2742 | D:4      | Identified the +2 ring mail of the Trilobite {+Blink Str+7
                  | Int-3 Dex+3} (You found it on level 4 of the Dungeon)
  2774 | D:5      | Entered Level 5 of the Dungeon
  2774 | D:5      | Found a radiant altar of Vehumet.
  2780 | D:5      | Found a sacrificial altar of Ru.
  2831 | D:5      | Reached skill level 5 in Armour
  3022 | D:5      | Found a hazy altar of Hepliaklqana.
  3239 | D:6      | Found a staircase to the Ecumenical Temple.
  3252 | Temple   | Entered the Ecumenical Temple
  3271 | Temple   | Became a worshipper of Warmaster Okawaru
  3330 | D:6      | Found Zisoiwuv's Distillery.
  3404 | D:6      | Reached XP level 8. HP: 48/48 MP: 8/8
  3465 | D:6      | Found Rics's Book Shoppe.
  3479 | D:6      | Found a glowing silver altar of Zin.
  3523 | D:6      | Found a burning altar of Makhleb.
  3716 | D:6      | Found a runed translucent door.
  3717 | D:6      | Noticed Crazy Yiuf
  3728 | D:6      | Killed Crazy Yiuf
  3832 | D:6      | Found Lida's Antique Armour Emporium.
  4064 | D:7      | Found an ornate altar of the Wu Jian Council.
  4173 | D:7      | Reached skill level 5 in Maces & Flails
  4302 | D:7      | Noticed Menkaure
  4305 | D:7      | Killed Menkaure
  4305 | D:7      | Reached * piety under Okawaru
  4366 | D:7      | Found a burning altar of Makhleb.
  4631 | D:8      | Reached XP level 9. HP: 46/52 MP: 9/9
  4744 | D:8      | Reached ** piety under Okawaru
  4818 | D:8      | Noticed a death yak
  4818 | D:8      | Noticed a death yak
  4829 | D:8      | Reached skill level 1 in Invocations
  4842 | D:8      | Noticed a death yak
  4854 | D:8      | Killed a death yak
  4854 | D:8      | Reached *** piety under Okawaru
  4864 | D:8      | Killed a death yak
  4864 | D:8      | Reached skill level 5 in Fighting
  4864 | D:8      | Reached skill level 10 in Shields
  4864 | D:8      | Reached XP level 10. HP: 42/59 MP: 8/12
  4894 | D:8      | Killed a death yak
  4894 | D:8      | Reached **** piety under Okawaru
  4905 | D:8      | Found a staircase to the Lair.
  5350 | D:8      | Reached ***** piety under Okawaru
  5421 | D:8      | Reached skill level 5 in Invocations
  5638 | D:8      | Reached XP level 11. HP: 59/64 MP: 14/14
  5760 | D:8      | Noticed an orc warlord
  5795 | D:8      | HP: 2/64 [orc/+1 scimitar of flaming (2)]
  5798 | D:8      | Killed an orc warlord
  5798 | D:8      | Received a gift from Okawaru
  5913 | D:8      | Got a pair of encrusted gloves {god gift}
  5919 | D:8      | Identified the -3 pair of gloves of a wizard's laboratory
                  | {rN+ Regen+ Str+3} (Okawaru gifted it to you on level 8 of
                  | the Dungeon)
  6094 | Lair:1   | Entered Level 1 of the Lair of Beasts
  6107 | Lair:1   | Found a hazy altar of Hepliaklqana.
  6386 | Lair:1   | Noticed an oklob plant
  6386 | Lair:1   | Noticed an oklob plant
  6923 | Lair:1   | Reached skill level 1 in Evocations
  7436 | Lair:2   | Noticed a death yak
  7436 | Lair:2   | Noticed a death yak
  7437 | Lair:2   | Noticed a death yak
  7602 | Lair:2   | Reached XP level 12. HP: 43/71 MP: 16/16
  7753 | Lair:2   | Found a staircase to the Snake Pit.
  7818 | Lair:2   | Noticed a six-headed hydra
  7821 | Lair:2   | Killed a six-headed hydra
  8009 | Lair:2   | Noticed a death yak
  8028 | Lair:2   | Killed a death yak
  8028 | Lair:2   | Reached ****** piety under Okawaru
  8032 | Lair:2   | Killed a death yak
  8040 | Lair:2   | Killed a death yak
  8040 | Lair:2   | Received a gift from Okawaru
  8044 | Lair:2   | Killed a death yak
  8226 | Lair:2   | Found a staircase to the Swamp.
  8584 | Lair:3   | Noticed a death yak
  8586 | Lair:3   | Noticed a death yak
  8588 | Lair:3   | Noticed a death yak
  8596 | Lair:3   | Noticed a death yak
  8600 | Lair:3   | Noticed a death yak
  8630 | Lair:2   | Killed a death yak
  8630 | Lair:2   | Reached skill level 5 in Dodging
  8771 | Lair:2   | Killed a death yak
  8778 | Lair:2   | Killed a death yak
  8779 | Lair:2   | Killed a death yak
  8903 | Lair:3   | Reached skill level 10 in Maces & Flails
  9069 | Lair:3   | Reached XP level 13. HP: 68/76 MP: 19/19
  9779 | Lair:4   | Reached skill level 15 in Shields
  9871 | Lair:4   | Found a transporter.
  9875 | Lair:4   | Identified the +4 spear "Toicry" {antimagic, MR+ Int+4}
  9876 | Lair:4   | Found a bloodstained altar of Trog.
  9876 | Lair:4   | Noticed Odimp's ghost (journeyman KoWn)
  9880 | Lair:4   | Identified the +11 trident "Glorpo" {antimagic, MR++ Int-3
                  | Stlth+}
  9885 | Lair:4   | Found a transporter.
 10521 | Lair:5   | Received a gift from Okawaru
 10559 | Lair:5   | Got a steaming hat {god gift}
 10801 | Lair:5   | Found a viscous altar of Jiyva.
 10802 | Lair:5   | Found a staircase to the Slime Pits.
 11473 | Lair:6   | Entered Level 6 of the Lair of Beasts
 12226 | Lair:6   | Gained mutation: Your large and strong wings let you fly
                  | indefinitely. [Gargoyle growth]
 12226 | Lair:6   | Reached XP level 14. HP: 84/84 MP: 19/21
 12296 | Lair:6   | Identified the +0 hat of Bemas {Dex+7} (Okawaru gifted it
                  | to you on level 5 of the Lair of Beasts)
 12354 | Lair:6   | Received a gift from Okawaru
 12749 | Lair:6   | Noticed a dire elephant
 12771 | Lair:6   | Killed a dire elephant
 13160 | Lair:6   | Got a dazzling leather armour
 13178 | Lair:6   | Identified the +1 leather armour of the Sunfish {+Blink
                  | rPois Dex+3} (You found it on level 6 of the Lair of
                  | Beasts)
 13369 | Lair:4   | Received a gift from Okawaru
 13399 | Lair:4   | Killed Odimp's ghost
 13868 | D:9      | Noticed Harold
 13879 | D:9      | Killed Harold
 13910 | D:9      | Found a flagged portal.
 13929 | Bailey   | Entered a bailey
 14071 | Bailey   | Got a scorched helmet
 14095 | Bailey   | Reached skill level 10 in Invocations
 14177 | Bailey   | Identified the +2 helmet of the Orcish Mines {rPois} (You
                  | found it in a bailey)
 14299 | D:9      | Found a staircase to the Orcish Mines.
 14327 | D:9      | Found a hide-covered altar of Uskayaw.
 14373 | D:9      | Found a stormy altar of Qazlal.
 14482 | D:9      | Found an ancient bone altar of Kikubaaqudgha.
 14482 | D:9      | Found a sparkling altar of Nemelex Xobeh.
 14487 | D:9      | Found a glowing golden altar of the Shining One.
 14489 | D:9      | Found a faded altar of an unknown god.
 14491 | D:9      | Found a faded altar of an unknown god.
 14903 | D:9      | Found a glowing silver altar of Zin.
 15087 | Orc:1    | Entered Level 1 of the Orcish Mines
 15163 | Orc:2    | Entered Level 2 of the Orcish Mines
 15212 | Orc:1    | Received a gift from Okawaru
 15713 | Orc:2    | Noticed an orc warlord
 15763 | Orc:2    | Killed an orc warlord
 15882 | Orc:2    | Noticed an orc warlord
 15925 | Orc:2    | Killed an orc warlord
 15930 | Orc:2    | Reached XP level 15. HP: 65/89 MP: 2/22
 15987 | Orc:2    | Received a gift from Okawaru
 16032 | Orc:2    | Found Emya's Antique Armour Shop.
 16080 | Orc:2    | Found a roughly hewn altar of Beogh.
 16126 | Orc:2    | Found Ocyviaf's Assorted Antiques.
 16131 | Orc:2    | Bought a scroll of identify for 44 gold pieces
 16131 | Orc:2    | Bought an amethyst potion for 19 gold pieces
 16131 | Orc:2    | Bought a scroll of magic mapping for 77 gold pieces
 16131 | Orc:2    | Bought a heavily runed ring mail for 198 gold pieces
 16131 | Orc:2    | Bought a scroll of teleportation for 66 gold pieces
 16131 | Orc:2    | Bought a small garnet amulet for 110 gold pieces
 16172 | Orc:2    | Found a roughly hewn altar of Beogh.
 16174 | Orc:2    | Noticed Donald
 16189 | Orc:2    | Killed Donald
 16340 | Orc:2    | Found a roughly hewn altar of Beogh.
 16359 | Orc:2    | Found Xifutaz's Food Shop.
 16499 | Orc:2    | Found a staircase to the Elven Halls.
 16506 | Orc:2    | Found a roughly hewn altar of Beogh.
 16658 | Orc:2    | Found Hyexadetz's Antique Weapon Boutique.
 16659 | Orc:2    | Found a roughly hewn altar of Beogh.
 16667 | Orc:2    | Bought a pair of slimy gloves for 247 gold pieces
 16683 | Orc:2    | Identified the +2 pair of gloves of Disappointment {rF+
                  | rCorr} (You bought it in a shop on level 2 of the Orcish
                  | Mines)
 16694 | Orc:2    | Identified the cursed +1 ring mail of the Cricket {rN+ MR+
                  | Int+3 Dex-4} (You bought it in a shop on level 2 of the
                  | Orcish Mines)
 16890 | D:4      | Bought a scroll labeled XYGAAV HERHE for 19 gold pieces
 17021 | D:10     | Entered Level 10 of the Dungeon
 17024 | D:10     | Noticed Erica
 17024 | D:10     | Noticed Joseph
 17026 | D:10     | Noticed Urug
 17026 | D:10     | Noticed Maurice
 17030 | D:10     | Killed Erica
 17031 | D:10     | Killed Maurice
 17031 | D:10     | Reached skill level 5 in Polearms
 17036 | D:10     | Killed Joseph
 17038 | D:10     | Killed Urug
 17048 | D:10     | Received a gift from Okawaru
 17088 | D:10     | Identified a +2 pair of boots of running (Okawaru gifted it
                  | to you on level 10 of the Dungeon)
 17508 | D:10     | Noticed Erolcha
 17521 | D:10     | Killed Erolcha
 19174 | D:12     | Got a faintly glowing copper ring
 19191 | D:12     | Identified the ring of Toefeox {-Tele *Corrode rPois MP+9
                  | SInv} (You found it on level 12 of the Dungeon)
 20018 | D:13     | Noticed Frances
 20045 | D:13     | Killed Frances
 20045 | D:13     | Received a gift from Okawaru
 20092 | D:13     | Found a blossoming altar of Fedhas.
 20511 | D:14     | You are sucked into a shaft and drop 1 floor!
 20511 | D:15     | Entered Level 15 of the Dungeon
 20530 | D:15     | Noticed Louise
 20559 | D:15     | Killed Louise
 20587 | D:15     | Noticed Nessos
 20597 | D:15     | Killed Nessos
 20616 | D:15     | Found a staircase to the Depths.
 20760 | D:15     | Reached XP level 16. HP: 96/96 MP: 8/24
 20895 | D:15     | Noticed Agnes
 21179 | D:15     | Killed Agnes
 21870 | D:14     | Found a gate to the Vaults.
 22070 | D:14     | Received a gift from Okawaru
 22521 | Elf:1    | Entered Level 1 of the Elven Halls
 22697 | Elf:1    | Reached skill level 10 in Fighting
 22757 | Elf:1    | Found Daki's Weapon Shop.
 23189 | Elf:1    | Identified the Tome of the Spheres
 23331 | Elf:2    | Found a large runed translucent door.
 23331 | Elf:2    | Found a large runed translucent door.
 23331 | Elf:2    | Noticed Kaobra's ghost (adept GnWz)
 23381 | Elf:2    | Killed Kaobra's ghost
 23513 | Elf:2    | Reached XP level 17. HP: 88/102 MP: 6/26
 23866 | Elf:2    | Received a gift from Okawaru
 23869 | Elf:2    | Got a ruby-studded chain mail {god gift}
 23872 | Elf:2    | Found a large runed translucent door.
 23872 | Elf:2    | Found a large runed translucent door.
 23916 | Elf:2    | Identified the +4 chain mail of the Planets {Int+7}
                  | (Okawaru gifted it to you on level 2 of the Elven Halls)
 23931 | Elf:2    | Found a large runed translucent door.
 23931 | Elf:2    | Found a large runed translucent door.
 24031 | Elf:2    | Reached skill level 10 in Polearms
 24064 | Elf:2    | Noticed a deep elf blademaster
 24081 | Elf:2    | Killed a deep elf blademaster
 24140 | Elf:2    | HP: 5/103 [+6 bardiche of flaming (1)]
 24685 | Elf:2    | Reached skill level 1 in Axes
 24932 | Elf:3    | Entered Level 3 of the Elven Halls
 25109 | Elf:3    | Found a shimmering blue altar of Sif Muna.
 25353 | Elf:3    | Noticed a deep elf master archer
 25368 | Elf:3    | Killed a deep elf master archer
 25368 | Elf:3    | Received a gift from Okawaru
 25371 | Elf:3    | Noticed a Hell Sentinel
 25429 | Elf:3    | Reached XP level 18. HP: 74/108 MP: 9/27
 25533 | Elf:3    | Received a gift from Okawaru
 25536 | Elf:3    | Got a steaming plate armour {god gift}
 25539 | Elf:3    | Noticed a deep elf blademaster
 25567 | Elf:3    | Killed a deep elf blademaster
 25673 | Elf:3    | Identified the +1 plate armour "Qyforee" {rPois rC+ Int+2}
                  | (Okawaru gifted it to you on level 3 of the Elven Halls)
 25736 | Elf:3    | Noticed a Hell Sentinel
 26127 | Elf:3    | Noticed a deep elf blademaster
 26163 | Elf:3    | Killed a deep elf blademaster
 26696 | Elf:3    | Gained mutation: You occasionally shout uncontrollably at
                  | your foes. [a neqoxec]
 26911 | Elf:3    | Received a gift from Okawaru
 26944 | Elf:3    | Identified Lom Lobon's Collected Works on Creative
                  | Displacement
 26967 | Elf:3    | Got a faintly glowing leather armour
 26978 | Elf:3    | Identified the cursed +1 leather armour of Altruism {rPois
                  | MR+ Str+8 Int-5} (You found it on level 3 of the Elven
                  | Halls)
 27118 | Elf:3    | Identified the Papyrus of Translocation
 27131 | Elf:3    | Identified the Guide on Doomed Aid
 27154 | Elf:3    | Got a polished flail
 27155 | Elf:3    | Identified the +3 flail of Somewhere Else {freeze, MR-
                  | Int+4 Dex+2} (You found it on level 3 of the Elven Halls)
 27407 | Swamp:1  | Entered Level 1 of the Swamp
 27408 | Swamp:1  | Upgraded the game from 0.24.0-10-g970556be89 to
                  | 0.24.0-13-gcf9b3192b9
 27793 | Swamp:1  | Noticed Kirke
 27822 | Swamp:1  | Killed Kirke
 28383 | Swamp:2  | Reached XP level 19. HP: 95/115 MP: 9/29
 28401 | Swamp:2  | Noticed Jorgrun
 28426 | Swamp:2  | Killed Jorgrun
 28426 | Swamp:2  | Reached skill level 5 in Axes
 29289 | Swamp:3  | Received a gift from Okawaru
 29341 | Swamp:3  | Identified the +7 hand axe "Imp's Death" {protect, *Rage
                  | rC+ rN+ Stlth+} (Okawaru gifted it to you on level 3 of the
                  | Swamp)
 29731 | Swamp:3  | Noticed Nikola
 29763 | Swamp:3  | Killed Nikola
 30099 | Swamp:3  | Identified a scroll of acquirement
 30139 | Swamp:4  | Entered Level 4 of the Swamp
 30351 | Swamp:4  | Received a gift from Okawaru
 30844 | Swamp:4  | Got a decaying rune of Zot
 31202 | Snake:1  | Entered Level 1 of the Snake Pit
 31217 | Snake:1  | Noticed Aizul
 31305 | Snake:1  | Received a gift from Okawaru
 31306 | Snake:1  | Found the +15 Maxwell's patent armour {-Cast -Tele rElec
                  | MR+ rCorr}
 31318 | Snake:1  | Noticed Josephine
 31331 | Snake:1  | Killed Josephine
 31419 | Snake:1  | Found a transporter.
 31437 | Snake:1  | Found a transporter.
 31541 | Snake:1  | Found Sethreze's Food Shop.
 31750 | Snake:1  | Reached XP level 20. HP: 116/122 MP: 10/31
 31977 | Snake:1  | Found a runed translucent gate.
 31977 | Snake:1  | Found a runed translucent gate.
 31977 | Snake:1  | Found a runed translucent gate.
 31979 | Snake:1  | Found an opulent altar of Gozag.
 31981 | Snake:1  | Found Jaimnohopn's Assorted Antiques.
 31981 | Snake:1  | Noticed Minnurau's ghost (adept VSEE)
 31982 | Snake:1  | Found Ryraufi's Assorted Antiques.
 32065 | Snake:1  | Killed Minnurau's ghost
 32081 | Snake:1  | Reached skill level 15 in Invocations
 32099 | Snake:1  | Bought a scroll of identify for 56 gold pieces
 32100 | Snake:1  | Bought a pair of ichor-stained gloves for 304 gold pieces
 32100 | Snake:1  | Bought a scroll of identify for 64 gold pieces
 32235 | Snake:1  | Bought a scroll of acquirement for 1664 gold pieces
 32245 | Snake:1  | Identified the +3 pair of gloves of Good Intentions {rC+
                  | MR+ rCorr Int-3 SInv} (You bought it in a shop on level 1
                  | of the Snake Pit)
 32408 | Snake:1  | Killed Aizul
 32699 | Snake:2  | Received a gift from Okawaru
 32977 | Snake:2  | Found a shattered altar of Ashenzari.
 33732 | Snake:3  | Got a pitted chain mail
 33743 | Snake:3  | Identified the +3 chain mail of the Invisible Hand {rPois
                  | Regen+ Dex+2 Slay+2} (You found it on level 3 of the Snake
                  | Pit)
 34162 | Snake:4  | Entered Level 4 of the Snake Pit
 34269 | Snake:4  | Found Iraexeas's Food Shoppe.
 34287 | Snake:4  | Noticed Vashnia
 34353 | Snake:4  | Found a frozen archway.
 34359 | IceCv    | Entered an ice cave
 34783 | IceCv    | Identified the +3 scale mail of Dithmenos's Envy {-Cast rF-
                  | Str+8 SInv} (You found it in an ice cave)
 35194 | IceCv    | Got a slimy copper ring
 35204 | IceCv    | Identified the ring "Lipameg" {rF+ rC++ Int+4 Stlth+} (You
                  | found it in an ice cave)
 35211 | IceCv    | Identified the cursed +2 rapier of the Seeker {flame,
                  | *Corrode rElec SInv} (You found it in an ice cave)
 35426 | Snake:4  | Killed Vashnia
 35525 | Snake:4  | Received a gift from Okawaru
 35610 | Snake:4  | Reached XP level 21. HP: 117/128 MP: 10/32
 35732 | Snake:4  | Got a coiled marble ring
 35929 | Snake:4  | Received a gift from Okawaru
 35954 | Snake:4  | Identified the ring "Colimp" {rF+ rC+ rN++ MR+ Int+3} (You
                  | found it on level 4 of the Snake Pit)
 36385 | Snake:4  | Got a serpentine rune of Zot
 37424 | D:6      | Bought a potion of curing for 33 gold pieces
 37424 | D:6      | Bought a potion of magic for 88 gold pieces
 37424 | D:6      | Bought 2 potions of curing for 66 gold pieces
 37424 | D:6      | Bought a potion of berserk rage for 55 gold pieces
 37424 | D:6      | Bought a potion of berserk rage for 55 gold pieces
 37424 | D:6      | Bought a potion of curing for 33 gold pieces
 37424 | D:6      | Bought a potion of brilliance for 44 gold pieces
 37594 | Slime:1  | Entered Level 1 of the Pits of Slime
 37640 | Slime:2  | Gained mutation: Your magical capacity is low. (-10% MP) [a
                  | shining eye]
 37642 | Slime:2  | Gained mutation: Scrolls take you a little longer to read.
                  | [a shining eye]
 37807 | Slime:1  | Gained mutation: You are dopey. (Int -2) [a shining eye]
 37814 | Slime:1  | Gained mutation: You are very dopey. (Int -4) [a shining
                  | eye]
 37852 | Slime:2  | Gained mutation: You are weak. (Str -2) [a shining eye]
 37882 | Slime:2  | Received a gift from Okawaru
 38532 | Slime:3  | Gained mutation: You are very weak. (Str -4) [a shining
                  | eye]
 39222 | Slime:3  | Reached XP level 22. HP: 135/135 MP: 28/30
 39923 | Slime:4  | Gained mutation: Your flesh is heat resistant. (rF+) [a
                  | shining eye]
 39928 | Slime:4  | Lost mutation: Scrolls take you a little longer to read. [a
                  | shining eye]
 39982 | Slime:4  | Gained mutation: You tend to lose your temper in combat. [a
                  | shining eye]
 40054 | Slime:4  | Gained mutation: You often lose your temper in combat. [a
                  | shining eye]
 40056 | Slime:4  | Gained mutation: You are occasionally teleported next to
                  | monsters. [a shining eye]
 40110 | Slime:4  | Reached skill level 10 in Axes
 40211 | Slime:4  | Found a shimmering altar of Xom.
 40534 | Slime:5  | Entered Level 5 of the Pits of Slime
 40594 | Slime:5  | Gained mutation: You are sometimes teleported next to
                  | monsters. [a shining eye]
 40597 | Slime:5  | Gained mutation: Scrolls take you a little longer to read.
                  | [a shining eye]
 40601 | Slime:5  | Received a gift from Okawaru
 40644 | Slime:5  | Identified the +10 trident of Superiority {venom, +Rage rF+
                  | Int+5} (Okawaru gifted it to you on level 5 of the Pits of
                  | Slime)
 41435 | Slime:5  | Noticed the Royal Jelly
 41636 | Slime:5  | Gained mutation: You are frail. (-10% HP) [a shining eye]
 41789 | Slime:5  | Found a viscous altar of Jiyva.
 41835 | Slime:5  | Reached skill level 10 in Armour
 42747 | Snake:1  | Bought a scroll of brand weapon for 640 gold pieces
 42928 | Slime:4  | Got an ancient demon trident
 42931 | Slime:4  | Identified the +10 demon trident of the Hall of Blades
                  | {elec, rC+ Stlth+} (You acquired it on level 4 of the Pits
                  | of Slime)
 43267 | Slime:5  | Killed the Royal Jelly
 43322 | Slime:5  | Got a pitted ivory ring
 43403 | Slime:5  | Identified the Volume of Spatial Poisoning
 43406 | Slime:5  | Got a slimy rune of Zot
 43432 | Slime:5  | Identified the ring of Mirth {rElec rN+ Str+3} (You found
                  | it on level 5 of the Pits of Slime)
 43435 | Slime:5  | Got a scorched morningstar
 43436 | Slime:5  | Identified the +8 morningstar of Pijedyoruq {venom, rN+}
                  | (You found it on level 5 of the Pits of Slime)
 43447 | Slime:5  | Identified the +8 trident of Royalism {pierce, Fragile +Fly
                  | rN+ Dex+4} (You found it on level 5 of the Pits of Slime)
 43451 | Slime:5  | Got a slimy silver ring
 43455 | Slime:5  | Identified the +8 falchion of Disaster {drain, rC+ Int+3
                  | Dex+4} (You found it on level 5 of the Pits of Slime)
 43471 | Slime:5  | Identified the ring of the Countless Demons {Ice rN+ Slay+2
                  | SInv} (You found it on level 5 of the Pits of Slime)
 43497 | Slime:5  | Identified the cursed +0 buckler of the Farrier {Stlth+}
                  | (You found it on level 5 of the Pits of Slime)
 43499 | Slime:5  | Got an ichor-stained flail
 43499 | Slime:5  | Identified the +3 flail of the Insatiable Suns {holy, rN+}
                  | (You found it on level 5 of the Pits of Slime)
 43743 | Slime:5  | Got an encrusted whip
 43743 | Slime:5  | Identified the +6 whip of Fedhas's Displeasure {elec, Dex+4
                  | Stlth+} (You found it on level 5 of the Pits of Slime)
 44171 | Vaults:1 | Entered Level 1 of the Vaults
 44208 | Vaults:1 | Lost mutation: Your magical capacity is low. (-10% MP)
                  | [potion of mutation]
 44208 | Vaults:1 | Lost mutation: Your flesh is heat resistant. (rF+) [potion
                  | of mutation]
 44208 | Vaults:1 | Lost mutation: You often lose your temper in combat.
                  | [potion of mutation]
 44208 | Vaults:1 | Lost mutation: Scrolls take you a little longer to read.
                  | [potion of mutation]
 44208 | Vaults:1 | Gained mutation: You sometimes yell uncontrollably at your
                  | foes. [potion of mutation]
 44208 | Vaults:1 | Lost mutation: You are frail. (-10% HP) [potion of
                  | mutation]
 44209 | Vaults:1 | Lost mutation: You are very weak. (Str -4) [potion of
                  | mutation]
 44209 | Vaults:1 | Lost mutation: You are sometimes teleported next to
                  | monsters. [potion of mutation]
 44209 | Vaults:1 | Lost mutation: You tend to lose your temper in combat.
                  | [potion of mutation]
 44209 | Vaults:1 | Lost mutation: You are very dopey. (Int -4) [potion of
                  | mutation]
 44209 | Vaults:1 | Gained mutation: You tend to lose your temper in combat.
                  | [potion of mutation]
 44209 | Vaults:1 | Lost mutation: You tend to lose your temper in combat.
                  | [potion of mutation]
 44270 | Vaults:1 | Received a gift from Okawaru
 44273 | Vaults:1 | Got a faintly glowing chain mail {god gift}
 44286 | Vaults:1 | Identified the +1 chain mail of Melancholy {rElec Str+3
                  | Stlth-} (Okawaru gifted it to you on level 1 of the Vaults)
 44600 | Vaults:1 | Got a spiked chain mail
 44610 | Vaults:1 | Identified the +1 chain mail "Kiryeges" {Str+3} (You found
                  | it on level 1 of the Vaults)
 45805 | Vaults:2 | Reached XP level 23. HP: 119/142 MP: 35/35
 45886 | Vaults:2 | Noticed Asterion
 45905 | Vaults:2 | Killed Asterion
 46251 | Vaults:2 | Found Ilecs's Weapon Shop.
 46776 | Vaults:3 | Found Xigud's Assorted Antiques.
 46884 | Vaults:3 | Found a magical portal.
 47168 | WizLab   | Noticed a greater mummy
 47231 | WizLab   | Killed a greater mummy
 47584 | WizLab   | Identified the +8 war axe "Gewo" {antimagic, rF- MR- Int+7
                  | Dex+3} (You found it in a wizard's laboratory)
 47833 | Vaults:3 | Bought a scroll of enchant armour for 322 gold pieces
 47833 | Vaults:3 | Bought a scroll of identify for 86 gold pieces
 47833 | Vaults:3 | Bought a potion of brilliance for 172 gold pieces
 47833 | Vaults:3 | Bought a wand of digging (6) for 344 gold pieces
 48014 | Vaults:3 | Found a staircase to the Crypt.
 48501 | Vaults:3 | Received a gift from Okawaru
 48866 | Vaults:4 | Noticed Jory
 48887 | Vaults:4 | Killed Jory
 49010 | Vaults:4 | Found Haledghokh's Food Boutique.
 49083 | Vaults:4 | Reached XP level 24. HP: 149/149 MP: 33/35
 49106 | Vaults:4 | Reached skill level 15 in Fighting
 49107 | Vaults:4 | Noticed Saint Roka
 49132 | Vaults:4 | Killed Saint Roka
 49221 | Vaults:4 | Identified Kikubaaqudgha's Papyrus of Assistive Evil
                  | Secrets
 49880 | Vaults:4 | Received a gift from Okawaru
 50161 | Vaults:5 | Entered Level 5 of the Vaults
 50432 | Vaults:5 | Received a gift from Okawaru
 50724 | Vaults:5 | Received a gift from Okawaru
 50725 | Vaults:5 | Found the +14 obsidian axe {chop, +Fly SInv *Curse}
 50799 | Vaults:5 | Found Ykom's Assorted Antiques.
 50860 | Vaults:5 | Identified the +4 ring mail of Lethargy {MP+9 Slay+2} (You
                  | found it on level 5 of the Vaults)
 51015 | Vaults:5 | Noticed a shard shrike
 51015 | Vaults:5 | a golden dragon changed into a shard shrike
 51022 | Vaults:5 | a shard shrike changed into a titan
 51028 | Vaults:5 | Noticed a juggernaut
 51028 | Vaults:5 | a titan changed into a juggernaut
 51032 | Vaults:5 | a juggernaut changed into a titan
 51043 | Vaults:5 | Reached XP level 25. HP: 95/157 MP: 36/36
 51353 | Vaults:5 | Reached skill level 15 in Polearms
 51425 | Vaults:5 | Received a gift from Okawaru
 51457 | Vaults:5 | Identified the +3 scale mail of Ewnyeler {rC- Str+4 Stlth+}
                  | (Okawaru gifted it to you on level 5 of the Vaults)
 51460 | Vaults:5 | Identified the +1 storm dragon scales of Neasophu {rElec
                  | rPois Dex+2}
 51546 | Vaults:5 | Identified the Grimoire of the First Orbs
 51677 | Vaults:5 | Got a twisted mace
 51677 | Vaults:5 | Identified the +8 mace "Hitaraq" {flame, rElec rC++ Str+2
                  | Stlth+} (You found it on level 5 of the Vaults)
 52212 | Vaults:5 | Noticed an ancient lich
 52229 | Vaults:5 | Killed an ancient lich
 52331 | Vaults:5 | Got a silver rune of Zot
 52368 | Vaults:5 | Got a crude hand axe
 52368 | Vaults:5 | Identified the +6 hand axe of Sudden Death {chop, rC+} (You
                  | found it on level 5 of the Vaults)
 52429 | Vaults:5 | Got a brightly glowing golden ring
 52480 | Vaults:5 | Identified Sif Muna's Catalogue of Mutagenic Creation
 52626 | Vaults:5 | Identified the cursed ring of Cihocoer {rPois rC+ Str-2
                  | Stlth+} (You found it on level 5 of the Vaults)
 52630 | Vaults:5 | Got a slimy scimitar
 52630 | Vaults:5 | Identified the +5 scimitar "Fisilo" {venom, rC+ SInv} (You
                  | found it on level 5 of the Vaults)
 52978 | Vaults:5 | Got a blackened short sword
 52978 | Vaults:5 | Identified the +2 short sword of Truncation {freeze, rElec
                  | rC+ Dex+3} (You found it on level 5 of the Vaults)
 53029 | Vaults:5 | Bought a scroll of fog for 92 gold pieces
 53029 | Vaults:5 | Bought an ancient tin ring for 230 gold pieces
 53030 | Vaults:5 | Identified the ring of Tusael {*Drain rC+ MR+ Str+3 Stlth+}
                  | (You bought it in a shop on level 5 of the Vaults)
 53262 | Depths:1 | Entered Level 1 of the Depths
 53361 | Depths:1 | Noticed the Enchantress
 53367 | Depths:1 | Noticed Bai Suzhen
 53370 | Depths:1 | Received a gift from Okawaru
 53403 | Depths:1 | Killed the Enchantress
 53450 | Depths:1 | Killed Bai Suzhen
 53712 | Depths:1 | Found a one-way gate leading to the halls of Pandemonium.
 53885 | Depths:1 | Found a gateway to Hell.
 54281 | Depths:2 | Reached XP level 26. HP: 168/168 MP: 34/36
 54573 | Depths:2 | Got a pair of steaming boots
 54584 | Depths:2 | Identified the +1 pair of boots "Jacyv" {rElec MR- rCorr
                  | Str+4} (You found it on level 2 of the Depths)
 54652 | Depths:2 | Found a gateway to a ziggurat.
 54875 | Depths:2 | Paralysed by a floating eye for 3 turns
 54891 | Depths:2 | Paralysed by a floating eye for 3 turns
 54975 | Depths:2 | Identified the +5 quarterstaff "Lasit" {drain, +Rage rC+++
                  | Str-5}
 54975 | Depths:2 | Noticed a greater mummy
 54990 | Depths:2 | Killed a greater mummy
 54990 | Depths:2 | Received a gift from Okawaru
 55207 | Depths:3 | Reached skill level 27 in Shields
 56381 | Depths:3 | Noticed a juggernaut
 56407 | Depths:3 | Killed a juggernaut
 56424 | Depths:3 | Received a gift from Okawaru
 56432 | Depths:3 | Identified the +8 morningstar of Oroehay {elec, +Inv rPois
                  | MP-9 Str+6} (Okawaru gifted it to you on level 3 of the
                  | Depths)
 56436 | Depths:3 | Found the +10 dark maul {crush}
 56439 | Depths:3 | Got a brightly glowing scimitar
 56439 | Depths:3 | Identified the +11 scimitar of Munwis {slice, rN+} (You
                  | found it on level 3 of the Depths)
 56449 | Depths:3 | Got a transparent hand axe
 56449 | Depths:3 | Identified the +9 hand axe "Foifoigg" {chop, Int+5} (You
                  | found it on level 3 of the Depths)
 56708 | Depths:3 | Got an encrusted falchion
 56708 | Depths:3 | Identified the +3 falchion "Hocesk" {holy, MR++} (You found
                  | it on level 3 of the Depths)
 56791 | Depths:1 | Got an ichor-stained chain mail
 56801 | Depths:1 | Identified the cursed +1 chain mail "Besodghuh" {*Corrode
                  | rElec Dex+3 SInv} (You found it on level 1 of the Depths)
 57021 | Depths:4 | Reached XP level 27. HP: 177/177 MP: 36/36
 57252 | Depths:4 | Found a transporter.
 57258 | Depths:4 | Found a radiant altar of Vehumet.
 57356 | Depths:4 | Received a gift from Okawaru
 57454 | Depths:4 | Found a one-way gate to the infinite horrors of the Abyss.
 57640 | Depths:4 | Noticed Frederick
 57664 | Depths:4 | Killed Frederick
 58002 | Depths:4 | Found a transporter.
 58082 | Depths:5 | Entered Level 5 of the Depths
 58234 | Depths:5 | Found a hazy altar of Hepliaklqana.
 58261 | Depths:5 | Noticed a juggernaut
 58280 | Depths:5 | Killed a juggernaut
 58449 | Depths:5 | Found a stormy altar of Qazlal.
 58644 | Depths:5 | Received a gift from Okawaru
 58649 | Depths:5 | Got a warped glaive {god gift}
 58701 | Depths:5 | Found a gate to the Realm of Zot.
 58759 | Depths:5 | Found an opulent altar of Gozag.
 59034 | Depths:5 | Found a radiant altar of Vehumet.
 59299 | Depths:5 | Identified the +1 glaive of Gaipei {chop, rC++ Str+8}
                  | (Okawaru gifted it to you on level 5 of the Depths)
 59642 | D:9      | Fell from the grace of Okawaru
 59642 | D:9      | Became a worshipper of the Shining One
 60814 | Crypt:1  | Entered Level 1 of the Crypt
 60872 | Vaults:3 | Reached * piety under the Shining One
 61508 | Crypt:1  | Reached skill level 1 in Long Blades
 61560 | Crypt:1  | Reached ** piety under the Shining One
 61612 | Crypt:1  | Found a runed translucent door.
 61612 | Crypt:1  | Found a shimmering altar of Xom.
 61612 | Crypt:1  | Noticed Kucw's ghost (adept GrFi)
 61724 | Crypt:1  | Paralysed by a +5 demon trident of chaos for 4 turns
 61890 | Crypt:1  | Killed Kucw's ghost
 61929 | Crypt:1  | Identified the cursed +1 plate armour of Inaction {rC+
                  | Int-4 Dex+8} (You found it on level 1 of the Crypt)
 62018 | Crypt:1  | Reached *** piety under the Shining One
 62075 | Crypt:1  | Reached **** piety under the Shining One
 62350 | Crypt:2  | Lost mutation: You are weak. (Str -2) [potion of mutation]
 62350 | Crypt:2  | Lost mutation: You are dopey. (Int -2) [potion of mutation]
 62350 | Crypt:2  | Lost mutation: You sometimes yell uncontrollably at your
                  | foes. [potion of mutation]
 62350 | Crypt:2  | Lost mutation: You are occasionally teleported next to
                  | monsters. [potion of mutation]
 62350 | Crypt:2  | Gained mutation: You tend to lose your temper in combat.
                  | [potion of mutation]
 62350 | Crypt:2  | Gained mutation: Your natural rate of healing is unusually
                  | fast. [potion of mutation]
 62350 | Crypt:2  | Gained mutation: You are robust. (+10% HP) [potion of
                  | mutation]
 62351 | Crypt:2  | Lost mutation: You tend to lose your temper in combat.
                  | [potion of mutation]
 62351 | Crypt:2  | Lost mutation: You are robust. (+10% HP) [potion of
                  | mutation]
 62351 | Crypt:2  | Gained mutation: You heal very quickly. [potion of
                  | mutation]
 62351 | Crypt:2  | Gained mutation: You possess an exceptional clarity of
                  | mind. [potion of mutation]
 62443 | Crypt:2  | Reached ***** piety under the Shining One
 62643 | Crypt:2  | Reached skill level 5 in Long Blades
 63494 | Vaults:3 | Bought a faintly humming plate armour for 1204 gold pieces
 63494 | Vaults:3 | Bought a scroll of fog for 86 gold pieces
 63504 | Vaults:3 | Identified the +8 plate armour of the Teacher {-Tele rN+
                  | Int+7} (You bought it in a shop on level 3 of the Vaults)
 63570 | Vaults:5 | Bought a scorched ring mail for 414 gold pieces
 63570 | Vaults:5 | Bought a crude spear for 368 gold pieces
 63575 | Vaults:5 | Identified the +3 ring mail "Hoarch" {Int+3} (You bought it
                  | in a shop on level 5 of the Vaults)
 63581 | Vaults:5 | Identified the +7 spear of the Moon {pierce, rF+ Dex+4}
                  | (You bought it in a shop on level 5 of the Vaults)
 63923 | Depths:5 | Identified the +8 short sword of Untruth {freeze, Dex+6}
                  | (You found it on level 5 of the Depths)
 64327 | D:6      | Bought a robe for 17 gold pieces
 64327 | D:6      | Bought a leather armour for 50 gold pieces
 64327 | D:6      | Bought an encrusted scale mail for 225 gold pieces
 64334 | D:6      | Identified the cursed +1 scale mail "Alaxaor" {Slay+2} (You
                  | bought it in a shop on level 6 of the Dungeon)
 64733 | Crypt:3  | Entered Level 3 of the Crypt
 64963 | Crypt:3  | Reached ****** piety under the Shining One
 64992 | Crypt:3  | Found a staircase to the Tomb.
 65239 | Crypt:3  | Identified a +9 eudemon blade of holy wrath (a +9 demon
                  | blade of electrocution blessed by the Shining One)
 65239 | Crypt:3  | Received a gift from the Shining One
 65459 | Crypt:3  | Noticed Mennas
 65620 | Crypt:3  | Killed Mennas
 66032 | Crypt:3  | Noticed an ancient lich
 66034 | Crypt:3  | Found the ring of Shadows {Umbra +Inv Stlth+}
 66042 | Crypt:3  | Killed an ancient lich
 66129 | Crypt:3  | Identified the +2 helmet "Ypella" {MR+ Int+2 Dex+4} (You
                  | found it on level 3 of the Crypt)
 66369 | Crypt:3  | Identified the cursed +0 leather armour of Card Tricks
                  | {+Blink rC+ Int-2 Dex+3} (You found it on level 3 of the
                  | Crypt)
 66497 | Tomb:1   | Entered Level 1 of the Tomb of the Ancients
 67283 | Tomb:1   | Noticed a greater mummy
 67297 | Tomb:1   | Killed a greater mummy
 67297 | Tomb:1   | Reached skill level 10 in Long Blades
 67589 | Tomb:1   | Noticed a greater mummy
 67590 | Tomb:1   | Noticed a greater mummy
 67590 | Tomb:1   | Noticed a greater mummy
 67590 | Tomb:1   | Noticed a greater mummy
 67590 | Tomb:1   | Noticed a greater mummy
 67590 | Tomb:1   | Noticed a greater mummy
 67592 | Tomb:1   | Noticed a greater mummy
 67593 | Tomb:1   | Killed a greater mummy
 67593 | Tomb:1   | Killed a greater mummy
 67593 | Tomb:1   | Noticed a greater mummy
 67595 | Tomb:1   | Killed a greater mummy
 67595 | Tomb:1   | Killed a greater mummy
 67596 | Tomb:1   | Killed a greater mummy
 67597 | Tomb:1   | Killed a greater mummy
 67599 | Tomb:1   | Noticed a greater mummy
 67605 | Tomb:1   | Noticed a greater mummy
 67606 | Tomb:1   | Killed a greater mummy
 67609 | Tomb:1   | Killed a greater mummy
 67609 | Tomb:1   | Killed a greater mummy
 67614 | Tomb:1   | Killed a greater mummy
 67713 | Tomb:1   | Noticed a greater mummy
 67723 | Tomb:1   | Noticed a greater mummy
 67730 | Tomb:1   | Killed a greater mummy
 67735 | Tomb:1   | Killed a greater mummy
 67818 | Tomb:1   | Noticed a greater mummy
 67822 | Tomb:1   | Noticed a greater mummy
 67831 | Tomb:1   | Killed a greater mummy
 67841 | Tomb:1   | Killed a greater mummy
 67861 | Tomb:1   | Noticed a greater mummy
 67875 | Tomb:1   | Noticed a greater mummy
 67880 | Tomb:1   | Killed a greater mummy
 67897 | Tomb:1   | Killed a greater mummy
 67907 | Tomb:1   | Noticed a greater mummy
 67914 | Tomb:1   | Gained mutation: You are agile. (Dex +2) [a neqoxec]
 67914 | Tomb:1   | Noticed a greater mummy
 67917 | Tomb:1   | Gained mutation: You are dopey. (Int -2) [a neqoxec]
 67920 | Tomb:1   | Noticed a greater mummy
 67922 | Tomb:1   | Killed a greater mummy
 67928 | Tomb:1   | Killed a greater mummy
 67928 | Tomb:1   | Noticed a greater mummy
 67939 | Tomb:1   | Killed a greater mummy
 67940 | Tomb:1   | Noticed a greater mummy
 67945 | Tomb:1   | Noticed a greater mummy
 67949 | Tomb:1   | Noticed a greater mummy
 67955 | Tomb:1   | Killed a greater mummy
 67965 | Tomb:1   | Killed a greater mummy
 67965 | Tomb:1   | Noticed a greater mummy
 67967 | Tomb:1   | Killed a greater mummy
 67967 | Tomb:1   | Killed a greater mummy
 67971 | Tomb:1   | Killed a greater mummy
 68059 | Tomb:2   | Noticed a greater mummy
 68066 | Tomb:2   | Noticed a greater mummy
 68073 | Tomb:2   | Killed a greater mummy
 68074 | Tomb:2   | Noticed a greater mummy
 68079 | Tomb:2   | Noticed a greater mummy
 68085 | Tomb:2   | Killed a greater mummy
 68091 | Tomb:2   | Killed a greater mummy
 68104 | Tomb:2   | Killed a greater mummy
 68764 | Tomb:3   | Entered Level 3 of the Tomb of the Ancients
 68820 | Tomb:3   | Noticed a greater mummy
 68821 | Tomb:3   | Noticed a greater mummy
 68831 | Tomb:3   | Killed a greater mummy
 68832 | Tomb:3   | Killed a greater mummy
 68855 | Tomb:3   | Found the +2 cloak of the Thief {+Fog Slay-2 SInv Stlth+}
 68905 | Tomb:3   | Noticed a greater mummy
 68909 | Tomb:3   | Noticed a greater mummy
 68909 | Tomb:3   | Noticed a greater mummy
 68923 | Tomb:3   | Killed a greater mummy
 68923 | Tomb:3   | Noticed a greater mummy
 68931 | Tomb:3   | Killed a greater mummy
 68932 | Tomb:3   | Killed a greater mummy
 68934 | Tomb:3   | Killed a greater mummy
 68938 | Tomb:3   | Noticed a greater mummy
 68949 | Tomb:3   | Noticed a greater mummy
 68950 | Tomb:3   | Killed a greater mummy
 68959 | Tomb:3   | Killed a greater mummy
 69096 | Tomb:3   | Got a steaming bone ring
 69100 | Tomb:3   | Got a steaming jade ring
 69113 | Tomb:3   | Noticed a greater mummy
 69128 | Tomb:3   | Killed a greater mummy
 69223 | Tomb:3   | Was forgiven by Okawaru
 69332 | Tomb:3   | Got a golden rune of Zot
 69372 | Tomb:3   | Found the +7 Spriggan's Knife {stab, EV+4 Stlth+}
 69519 | Tomb:3   | Identified the +1 pair of gloves "Ucimniun" {*Corrode rElec
                  | rN++} (You found it on level 3 of the Tomb of the Ancients)
 69540 | Tomb:3   | Got a dazzling long sword
 69541 | Tomb:3   | Identified the cursed +0 long sword "Xoisk" {slice, MR+
                  | Str+2} (You found it on level 3 of the Tomb of the
                  | Ancients)
 69575 | Tomb:3   | Got a spiked ring mail
 69577 | Tomb:3   | Got a scorched ring mail
 69592 | Tomb:3   | Identified the +5 ring mail "Suiwienk" {rF+ Stlth+} (You
                  | found it on level 3 of the Tomb of the Ancients)
 69603 | Tomb:3   | Identified the +2 ring mail of the Townfolk {Stlth+} (You
                  | found it on level 3 of the Tomb of the Ancients)
 69621 | Tomb:3   | Got a smoking long sword
 69626 | Tomb:3   | Identified the +9 long sword "Xatoh" {vamp, SInv} (You
                  | found it on level 3 of the Tomb of the Ancients)
 69638 | Tomb:3   | Got a brightly glowing scythe
 69646 | Tomb:3   | Identified the +8 scythe of Awkwardness {slice, *Rage rPois
                  | rN+} (You found it on level 3 of the Tomb of the Ancients)
 69659 | Tomb:3   | Identified the ring of Ru's Hatred {rPois rC+ Str+2 Slay+3}
                  | (You found it on level 3 of the Tomb of the Ancients)
 69661 | Tomb:3   | Identified the ring of Birdsong {rPois rN+ Str-3 Stlth-}
                  | (You found it on level 3 of the Tomb of the Ancients)
 69672 | Tomb:3   | Got an ancient lajatang
 69678 | Tomb:3   | Identified the cursed +2 lajatang "Lafaci Dell" {slice,
                  | Int+3} (You found it on level 3 of the Tomb of the
                  | Ancients)
 70338 | Zig:1    | Entered Level 1 of a ziggurat
 70360 | Zig:2    | Entered Level 2 of a ziggurat
 70385 | Zig:3    | Entered Level 3 of a ziggurat
 70427 | Zig:4    | Entered Level 4 of a ziggurat
 70429 | Zig:4    | Noticed Mukeisol the pandemonium lord
 70445 | Zig:4    | Killed Mukeisol the pandemonium lord
 70473 | Zig:5    | Entered Level 5 of a ziggurat
 70475 | Zig:5    | Noticed Jinist the pandemonium lord
 70478 | Zig:5    | Found the +7 Singing Sword {slice, sonic wave}
 70483 | Zig:5    | Killed Jinist the pandemonium lord
 70516 | Zig:6    | Entered Level 6 of a ziggurat
 70520 | Zig:6    | Noticed Omnyoss the pandemonium lord
 70556 | Zig:6    | Killed Omnyoss the pandemonium lord
 70585 | Zig:6    | Identified the +4 short sword of Jekouss {distort, Str+3}
                  | (You found it on level 6 of a ziggurat)
 70592 | Zig:7    | Entered Level 7 of a ziggurat
 70639 | Zig:7    | Got an ancient marble ring
 70662 | Zig:7    | Identified the ring "Moxula Tiklo" {rPois rC+ Int+5} (You
                  | found it on level 7 of a ziggurat)
 70670 | Zig:8    | Entered Level 8 of a ziggurat
 70680 | Zig:8    | Reached skill level 15 in Long Blades
 70710 | Zig:8    | Identified Sif Muna's Catalogue of Translocation
 70739 | Zig:8    | Got a translucent flail
 70739 | Zig:8    | Identified the +4 flail "Xoesijef" {crush, rElec Str+2
                  | Stlth+} (You found it on level 8 of a ziggurat)
 70745 | Zig:9    | Entered Level 9 of a ziggurat
 70850 | Zig:9    | Got a pair of transparent boots
 70863 | Zig:9    | Identified the +4 pair of boots "Zefeok" {rF++ Dex+3
                  | Stlth-} (You found it on level 9 of a ziggurat)
 70866 | Zig:9    | Identified the +1 scale mail of Resourcefulness {Str+4}
                  | (You found it on level 9 of a ziggurat)
 70875 | Zig:10   | Entered Level 10 of a ziggurat
 70888 | Zig:10   | Found the +7 captain's cutlass {speed, disarm}
 70895 | Zig:10   | Reached skill level 10 in Dodging
 70981 | Zig:11   | Entered Level 11 of a ziggurat
 70993 | Zig:11   | Found the +0 Maxwell's etheric cage {RegenMP+ *Contam rElec
                  | MP+4}
 70993 | Zig:11   | Found the +8 whip "Snakebite" {curare, rPois}
 71032 | Zig:11   | Got a wavering tin amulet
 71044 | Zig:11   | Identified the amulet "Faicuuvi" {Inacc rPois} (You found
                  | it on level 11 of a ziggurat)
 71045 | Zig:11   | Identified the cursed +0 falchion "Ebyes" {freeze, *Rage
                  | rPois rF+ rC+} (You found it on level 11 of a ziggurat)
 71057 | Zig:12   | Entered Level 12 of a ziggurat
 71276 | Zig:12   | Identified the cursed +1 trident of Udonaeqiuk {speed,
                  | Str+3} (You found it on level 12 of a ziggurat)
 71285 | Zig:13   | Entered Level 13 of a ziggurat
 71367 | Zig:13   | Found the +0 pair of fencer's gloves {Riposte Dex+3}
 71381 | Zig:13   | Identified Hiezex's Collected Works on the Birds and Snow
 71451 | Zig:14   | Entered Level 14 of a ziggurat
 71486 | Zig:14   | Found the +8 demon blade "Bloodbane" {slice, *Rage +Rage
                  | Stlth-}
 71521 | Zig:14   | Identified the +2 chain mail of Nugyvem {rF+ Dex+4} (You
                  | found it on level 14 of a ziggurat)
 71526 | Zig:15   | Entered Level 15 of a ziggurat
 71543 | Zig:15   | Found the amulet of the Air {Inacc +Fly rElec EV+5 RMsl}
 71606 | Zig:15   | Got a translucent amber ring
 71616 | Zig:15   | Identified the ring of Ysocial {*Tele Str+7} (You found it
                  | on level 15 of a ziggurat)
 71720 | Zig:16   | Entered Level 16 of a ziggurat
 71851 | Zig:17   | Entered Level 17 of a ziggurat
 71869 | Zig:17   | Noticed an ancient lich
 71871 | Zig:17   | Noticed an ancient lich
 71872 | Zig:17   | Found the +12 Vampire's Tooth {vamp}
 71879 | Zig:17   | Killed an ancient lich
 71884 | Zig:17   | Killed an ancient lich
 72150 | Zig:18   | Entered Level 18 of a ziggurat
 72171 | Zig:18   | Noticed an ancient lich
 72173 | Zig:18   | Found the +3 hat of Pondering {ponderous, MR+ MP+10 Int+5}
 72173 | Zig:18   | Noticed an ancient lich
 72173 | Zig:18   | Noticed an ancient lich
 72176 | Zig:18   | Killed an ancient lich
 72182 | Zig:18   | Killed an ancient lich
 72182 | Zig:18   | Killed an ancient lich
 72184 | Zig:18   | Reached skill level 15 in Armour
 72202 | Zig:18   | Identified the +2 helmet of the Four Coins {Str+2 SInv}
                  | (You found it on level 18 of a ziggurat)
 72216 | Zig:18   | Got a crude steel amulet
 72333 | Zig:18   | Identified the amulet "Polaoqiakk" {Gourm rPois rC++} (You
                  | found it on level 18 of a ziggurat)
 72340 | Zig:19   | Entered Level 19 of a ziggurat
 72451 | Zig:19   | Identified Ecruth's Catalogue of Toxins and Unholy Arts
 72460 | Zig:19   | Identified Lofraidd's Compendium of Freezing Clay
 72476 | Zig:20   | Entered Level 20 of a ziggurat
 72520 | Zig:20   | Noticed an ancient lich
 72535 | Zig:20   | Noticed an ancient lich
 72538 | Zig:20   | Killed an ancient lich
 72549 | Zig:20   | Killed an ancient lich
 72596 | Zig:20   | Identified the Guide on Frigorific Sinister Secrets
 72629 | Zig:20   | Identified the +10 falchion "Ychoc" {drain, MR+} (You found
                  | it on level 20 of a ziggurat)
 72733 | Zig:21   | Entered Level 21 of a ziggurat
 72848 | Zig:21   | Reached skill level 27 in Fighting
 72848 | Zig:21   | Reached skill level 27 in Invocations
 73193 | Zig:21   | Identified Tuutemug's Handbook of Flight and Stolen Souls
 73212 | Zig:21   | Reached skill level 15 in Axes
 73219 | Zig:21   | Got a clouded bone ring
 73220 | Zig:21   | Identified the ring "Dacseli" {rF+ Stlth+} (You found it on
                  | level 21 of a ziggurat)
 73236 | Zig:21   | Reached skill level 5 in Evocations
 73348 | Zig:22   | Entered Level 22 of a ziggurat
 73490 | Zig:22   | Got a shimmering sapphire amulet
 73491 | Zig:22   | Identified the amulet of Cin Ymui {+Rage Int+5} (You found
                  | it on level 22 of a ziggurat)
 73497 | Zig:22   | Got a glittering wooden ring
 73498 | Zig:22   | Identified the ring "Jiuz" {rPois Str+5 Dex+4} (You found
                  | it on level 22 of a ziggurat)
 73511 | Zig:22   | Got a wavering lapis lazuli ring
 73512 | Zig:22   | Identified the ring of Eshin {+Fly rElec Str+2 Slay+2} (You
                  | found it on level 22 of a ziggurat)
 73542 | Zig:22   | Got a pitted plate armour
 73543 | Zig:22   | Identified the cursed +1 plate armour of the Sixty-Six
                  | Ships {*Corrode Str+5 Stlth+} (You found it on level 22 of
                  | a ziggurat)
 73557 | Zig:23   | Entered Level 23 of a ziggurat
 73699 | Zig:23   | Identified the Papyrus of the Voyage
 73785 | Zig:24   | Entered Level 24 of a ziggurat
 73871 | Zig:24   | Lost mutation: You are agile. (Dex +2) [a shining eye]
 74075 | Zig:24   | Got a clouded lapis lazuli ring
 74078 | Zig:24   | Identified the cursed ring of Woenel {Str-3 Dex+4} (You
                  | found it on level 24 of a ziggurat)
 74085 | Zig:24   | Got a pair of dazzling gloves
 74097 | Zig:24   | Identified the cursed +0 pair of gloves "Sauzxixu" {+Inv
                  | Int+6} (You found it on level 24 of a ziggurat)
 74104 | Zig:24   | Identified the Handbook of Battle Magic and Beguiling
 74126 | Zig:24   | Identified the Compendium of the Displaced Arsonist
 74140 | Zig:24   | Got a shimmering long sword
 74141 | Zig:24   | Identified the +3 long sword of the Evil Eye {drain, rF+
                  | Str+3} (You found it on level 24 of a ziggurat)
 74146 | Zig:24   | Got a dazzling flail
 74147 | Zig:24   | Identified the +6 flail of Dismay {flame, rPois Str+3 Int-3
                  | Dex+4} (You found it on level 24 of a ziggurat)
 74153 | Zig:24   | Got an ichor-stained dire flail
 74190 | Zig:25   | Entered Level 25 of a ziggurat
 74640 | Zig:25   | Identified the cursed -4 buckler "Diat" {+Blink rCorr}
 74746 | Zig:25   | Identified the Guide on Shifting Attacks
 74762 | Zig:25   | Identified Olumpo's Compendium of Damaging Necromancy
 74771 | Zig:25   | Identified the Almanac of the Arsonist
 74788 | Zig:25   | Got a heavily runed chain mail
 74799 | Zig:25   | Identified the +3 chain mail of Melancholy {rCorr Stlth+}
                  | (You found it on level 25 of a ziggurat)
 74965 | Zig:26   | Entered Level 26 of a ziggurat
 75025 | Zig:26   | Noticed a juggernaut
 75031 | Zig:26   | Noticed a juggernaut
 75033 | Zig:26   | Noticed a juggernaut
 75035 | Zig:26   | Killed a juggernaut
 75040 | Zig:26   | Noticed a juggernaut
 75043 | Zig:26   | Noticed a juggernaut
 75047 | Zig:26   | Noticed a juggernaut
 75049 | Zig:26   | Killed a juggernaut
 75051 | Zig:26   | Noticed a juggernaut
 75051 | Zig:26   | Noticed a juggernaut
 75054 | Zig:26   | Killed a juggernaut
 75054 | Zig:26   | Noticed a juggernaut
 75055 | Zig:26   | Killed a juggernaut
 75055 | Zig:26   | Killed a juggernaut
 75057 | Zig:26   | Killed a juggernaut
 75057 | Zig:26   | Killed a juggernaut
 75057 | Zig:26   | Noticed a juggernaut
 75059 | Zig:26   | Killed a juggernaut
 75060 | Zig:26   | Killed a juggernaut
 75071 | Zig:26   | Killed a juggernaut
 75112 | Zig:26   | Identified the Tome of Displacement and Air
 75152 | Zig:26   | Identified the +1 pair of boots of Gestures {rF- MR+++
                  | Dex-2 Stlth+} (You found it on level 26 of a ziggurat)
 75160 | Zig:26   | Identified the cursed ring of Duno {+Fly rF- Str+8 Dex-2
                  | Slay-2} (You found it on level 26 of a ziggurat)
 75227 | Zig:26   | Got a crude flail
 75227 | Zig:26   | Identified the cursed +3 flail "Qagyarghi" {drain, rF+
                  | MP+9} (You found it on level 26 of a ziggurat)
 75679 | Zig:27   | Entered Level 27 of a ziggurat
 75721 | Zig:27   | Noticed a greater mummy
 75738 | Zig:27   | Noticed a greater mummy
 75741 | Zig:27   | Killed a greater mummy
 75741 | Zig:27   | Noticed a greater mummy
 75745 | Zig:27   | Noticed a greater mummy
 75751 | Zig:27   | Noticed a greater mummy
 75752 | Zig:27   | Killed a greater mummy
 75754 | Zig:27   | Noticed a greater mummy
 75755 | Zig:27   | Noticed a greater mummy
 75755 | Zig:27   | Noticed a greater mummy
 75756 | Zig:27   | Noticed a greater mummy
 75756 | Zig:27   | Noticed a greater mummy
 75757 | Zig:27   | Noticed a greater mummy
 75759 | Zig:27   | Noticed a greater mummy
 75761 | Zig:27   | Killed a greater mummy
 75761 | Zig:27   | Noticed a greater mummy
 75761 | Zig:27   | Noticed a greater mummy
 75762 | Zig:27   | Killed a greater mummy
 75762 | Zig:27   | Killed a greater mummy
 75762 | Zig:27   | Killed a greater mummy
 75764 | Zig:27   | Noticed a greater mummy
 75766 | Zig:27   | Killed a greater mummy
 75766 | Zig:27   | Killed a greater mummy
 75766 | Zig:27   | Killed a greater mummy
 75767 | Zig:27   | Killed a greater mummy
 75767 | Zig:27   | Killed a greater mummy
 75767 | Zig:27   | Noticed a greater mummy
 75768 | Zig:27   | Killed a greater mummy
 75769 | Zig:27   | Killed a greater mummy
 75774 | Zig:27   | Killed a greater mummy
 75775 | Zig:27   | Killed a greater mummy
 75780 | Zig:27   | Killed a greater mummy
 75815 | Zig:27   | Found the +8 autumn katana {slice, Clar}
 75857 | Zig:27   | Identified the Tome of the Cloudy Frostbite
 75864 | Zig:27   | Identified Sif Muna's Catalogue of the Ashen Frostbite
 75871 | Zig:27   | Identified The Grimoire of Greatest Risks and Utility
 75883 | Zig:27   | Identified the Catalogue of Sinister Rituals
 75918 | Zig:27   | Identified the cursed +2 spear of Slow Death {pierce, Str+2
                  | Int+7} (You found it on level 27 of a ziggurat)
 76175 | Depths:4 | Got a pair of scorched gloves
 76186 | Depths:4 | Identified the +3 pair of gloves of Oblivion {Dex+8 Stlth-}
                  | (You acquired it on level 4 of the Depths)
 76195 | Depths:4 | Found the +3 pair of gauntlets of War {Slay+5}
 76199 | Depths:4 | Got a pair of polished gloves
 76205 | Depths:4 | Identified the +0 pair of gloves of Syndicalism {rN+} (You
                  | acquired it on level 4 of the Depths)
 76248 | Depths:4 | Voluntarily entered the Abyss.
 76273 | Abyss:1  | Found a corrupted altar of Lugonu.
 76339 | Abyss:1  | Got an encrusted plate armour
 76369 | Abyss:1  | Identified the cursed +1 plate armour of Gallantry {Dex+3}
                  | (You found it on level 1 of the Abyss)
 77192 | Abyss:4  | Found a corrupted altar of Lugonu.
 77697 | Abyss:5  | Entered Level 5 of the Abyss
 77702 | Abyss:5  | Found an ancient bone altar of Kikubaaqudgha.
 77702 | Abyss:5  | Found a white marble altar of Elyvilon.
 77702 | Abyss:5  | Found a glowing silver altar of Zin.
 77702 | Abyss:5  | Found a blossoming altar of Fedhas.
 77702 | Abyss:5  | Found a bloodstained altar of Trog.
 77702 | Abyss:5  | Found a shattered altar of Ashenzari.
 77703 | Abyss:5  | Found a shimmering blue altar of Sif Muna.
 77703 | Abyss:5  | Found a burning altar of Makhleb.
 77703 | Abyss:5  | Found a radiant altar of Vehumet.
 77703 | Abyss:5  | Found a hide-covered altar of Uskayaw.
 77704 | Abyss:5  | Found a stormy altar of Qazlal.
 77706 | Abyss:5  | Found a basalt altar of Yredelemnul.
 77706 | Abyss:5  | Found a snail-covered altar of Cheibriados.
 77706 | Abyss:5  | Found an ornate altar of the Wu Jian Council.
 77720 | Abyss:5  | Found a sparkling altar of Nemelex Xobeh.
 77720 | Abyss:5  | Found a shadowy altar of Dithmenos.
 77720 | Abyss:5  | Found an iron altar of Okawaru.
 77720 | Abyss:5  | Found a hazy altar of Hepliaklqana.
 77723 | Abyss:5  | Found a shimmering altar of Xom.
 77723 | Abyss:5  | Found a hazy altar of Hepliaklqana.
 77723 | Abyss:5  | Found a glowing golden altar of the Shining One.
 77876 | Abyss:5  | Found a corrupted altar of Lugonu.
 77934 | Abyss:5  | Reached skill level 15 in Dodging
 78113 | Abyss:5  | Reached skill level 27 in Long Blades
 78247 | Abyss:5  | Got an abyssal rune of Zot
 78257 | Depths:4 | Escaped the Abyss
 78328 | Pan      | Entered Pandemonium
 78412 | Pan      | Identified Paaheosh's Compendium of Orientation and
                  | Contamination
 78702 | Pan      | Found an exit through the horrors of the Abyss.
 78741 | Pan      | Noticed Iqinwuk the pandemonium lord
 78745 | Pan      | Killed Iqinwuk the pandemonium lord
 78791 | Pan      | Got a demonic rune of Zot
 79197 | Pan      | Reached skill level 10 in Evocations
 79459 | Pan      | Noticed Gucim the pandemonium lord
 79467 | Pan      | Killed Gucim the pandemonium lord
 79579 | Pan      | Found a runed translucent door.
 79581 | Pan      | Found a runed translucent door.
 79585 | Pan      | Found a runed translucent door.
 79586 | Pan      | Noticed Amaote the pandemonium lord
 79605 | Pan      | Killed Amaote the pandemonium lord
 79614 | Pan      | Found a runed translucent door.
 79619 | Pan      | Gained mutation: Your spells are a little easier to cast,
                  | but a little less powerful. [a neqoxec]
 79887 | Pan      | Noticed Ipla the pandemonium lord
 79916 | Pan      | Killed Ipla the pandemonium lord
 80243 | Pan      | Gained mutation: You are occasionally teleported next to
                  | monsters. [a neqoxec]
 80325 | Pan      | Found a runed translucent door.
 80331 | Pan      | Found a runed translucent door.
 80334 | Pan      | Found a runed translucent door.
 80334 | Pan      | Found a runed translucent door.
 80334 | Pan      | Noticed Kel Vun the pandemonium lord
 80352 | Pan      | Killed Kel Vun the pandemonium lord
 80363 | Pan      | Entered the realm of Lom Lobon.
 81394 | Pan      | Noticed Lom Lobon
 81419 | Pan      | Killed Lom Lobon
 81462 | Pan      | Got a magical rune of Zot
 81867 | Pan      | Found an exit through the horrors of the Abyss.
 81877 | Pan      | Noticed Sagham the pandemonium lord
 81899 | Pan      | Killed Sagham the pandemonium lord
 82775 | Pan      | Identified the +4 plate armour of Usasaibb {Int+3} (You
                  | acquired it in Pandemonium)
 82795 | Pan      | Gained mutation: You are agile. (Dex +2) [a neqoxec]
 82806 | Pan      | Noticed Zaodys the pandemonium lord
 82841 | Pan      | Killed Zaodys the pandemonium lord
 83160 | Pan      | Found a transporter.
 83305 | Pan      | Found an exit through the horrors of the Abyss.
 83460 | Pan      | Found a transporter.
 83978 | Pan      | Got a wavering brass ring
 83979 | Pan      | Identified the ring of Wimp {rF+ Int+4} (You found it in
                  | Pandemonium)
 83990 | Pan      | Got a slimy amber ring
 83991 | Pan      | Identified the ring "Vatun" {*Tele rElec rC+ MR+} (You
                  | found it in Pandemonium)
 84075 | Pan      | Entered the realm of Mnoleg.
 84079 | Pan      | Paralysed by a floating eye for 2 turns
 84134 | Pan      | Gained mutation: You are frail. (-10% HP) [a neqoxec]
 84144 | Pan      | Paralysed by a floating eye for 4 turns
 84161 | Pan      | Lost mutation: You are agile. (Dex +2) [a cacodemon]
 84165 | Pan      | Noticed Mnoleg
 84165 | Pan      | Gained mutation: Potions are less effective at restoring
                  | your health. [a cacodemon]
 84169 | Pan      | Gained mutation: Your magical capacity is low. (-10% MP) [a
                  | cacodemon]
 84179 | Pan      | Killed Mnoleg
 84191 | Pan      | Gained mutation: You are weak. (Str -2) [a neqoxec]
 84192 | Pan      | Gained mutation: Your spells are easier to cast, but less
                  | powerful. [a cacodemon]
 84195 | Pan      | Gained mutation: Scrolls take you a little longer to read.
                  | [a neqoxec]
 84199 | Pan      | Gained mutation: You are clumsy. (Dex -2) [a neqoxec]
 84293 | Pan      | Got a glowing rune of Zot
 84327 | Pan      | Gained mutation: Armour fits poorly on your strangely
                  | shaped body. [a neqoxec]
 84328 | Pan      | Lost mutation: You possess an exceptional clarity of mind.
                  | [a neqoxec]
 84356 | Pan      | Gained mutation: You are very frail. (-20% HP) [a
                  | cacodemon]
 84797 | Pan      | Gained mutation: Your magical capacity is very low. (-20%
                  | MP) [a neqoxec]
 84835 | Pan      | Found an exit through the horrors of the Abyss.
 84866 | Pan      | Gained mutation: You tend to lose your temper in combat. [a
                  | neqoxec]
 84868 | Pan      | Gained mutation: You are extremely frail. (-30% HP) [a
                  | neqoxec]
 84960 | Pan      | Lost mutation: You tend to lose your temper in combat.
                  | [potion of mutation]
 84960 | Pan      | Lost mutation: You are dopey. (Int -2) [potion of mutation]
 84960 | Pan      | Lost mutation: Scrolls take you a little longer to read.
                  | [potion of mutation]
 84960 | Pan      | Gained mutation: You have sharp toenails. [potion of
                  | mutation]
 84961 | Pan      | Lost mutation: You have sharp toenails. [potion of
                  | mutation]
 84961 | Pan      | Lost mutation: Your magical capacity is very low. (-20% MP)
                  | [potion of mutation]
 84961 | Pan      | Lost mutation: Your spells are easier to cast, but less
                  | powerful. [potion of mutation]
 84961 | Pan      | Gained mutation: Your skin changes colour to match your
                  | surroundings (Stealth+). [potion of mutation]
 84962 | Pan      | Lost mutation: You are weak. (Str -2) [potion of mutation]
 84962 | Pan      | Gained mutation: You are sometimes teleported next to
                  | monsters. [potion of mutation]
 84962 | Pan      | Gained mutation: Your skin blends seamlessly with your
                  | surroundings (Stealth++). [potion of mutation]
 84963 | Pan      | Lost mutation: You occasionally shout uncontrollably at
                  | your foes. [potion of mutation]
 84963 | Pan      | Lost mutation: Your magical capacity is low. (-10% MP)
                  | [potion of mutation]
 84963 | Pan      | Lost mutation: Armour fits poorly on your strangely shaped
                  | body. [potion of mutation]
 84963 | Pan      | Lost mutation: You are clumsy. (Dex -2) [potion of
                  | mutation]
 84963 | Pan      | Gained mutation: You have a pair of small antennae on your
                  | head. [potion of mutation]
 84964 | Pan      | Lost mutation: Your spells are a little easier to cast, but
                  | a little less powerful. [potion of mutation]
 84964 | Pan      | Lost mutation: You are extremely frail. (-30% HP) [potion
                  | of mutation]
 84964 | Pan      | Lost mutation: You are very frail. (-20% HP) [potion of
                  | mutation]
 84964 | Pan      | Lost mutation: You heal very quickly. [potion of mutation]
 84964 | Pan      | Gained mutation: Your spells are a little easier to cast,
                  | but a little less powerful. [potion of mutation]
 84964 | Pan      | Gained mutation: You are somewhat resistant to further
                  | mutation. [potion of mutation]
 84965 | Pan      | Lost mutation: You are somewhat resistant to further
                  | mutation. [potion of mutation]
 84965 | Pan      | Lost mutation: You are frail. (-10% HP) [potion of
                  | mutation]
 84965 | Pan      | Lost mutation: You are sometimes teleported next to
                  | monsters. [potion of mutation]
 84965 | Pan      | Gained mutation: You have large cloven feet. [potion of
                  | mutation]
 84965 | Pan      | Gained mutation: You have sharp fingernails. [potion of
                  | mutation]
 84965 | Pan      | Lost mutation: Your spells are a little easier to cast, but
                  | a little less powerful. [potion of mutation]
 84966 | Pan      | Lost mutation: You are occasionally teleported next to
                  | monsters. [potion of mutation]
 84966 | Pan      | Lost mutation: Potions are less effective at restoring your
                  | health. [potion of mutation]
 84966 | Pan      | Gained mutation: You are robust. (+10% HP) [potion of
                  | mutation]
 84966 | Pan      | Gained mutation: Your muscles are strong. (Str +2) [potion
                  | of mutation]
 84966 | Pan      | Gained mutation: You can translocate small distances at
                  | will. [potion of mutation]
 85569 | Pan      | Gained mutation: Your magical capacity is low. (-10% MP) [a
                  | cacodemon]
 85617 | Pan      | Identified the +1 pair of gloves "Postruhig" {rPois} (You
                  | found it in Pandemonium)
 85622 | Pan      | Noticed Vyratos the pandemonium lord
 85629 | Pan      | Killed Vyratos the pandemonium lord
 85692 | Pan      | Noticed Ceviwkat the pandemonium lord
 85716 | Pan      | Killed Ceviwkat the pandemonium lord
 85751 | Pan      | Entered the realm of Cerebov.
 86115 | Pan      | Identified the +6 lajatang "Biufoywk" {drain, rF+}
 86330 | Pan      | Identified the +6 sword of Cerebov {flame}
 86330 | Pan      | Noticed Cerebov
 86372 | Pan      | Killed Cerebov
 86454 | Pan      | Got a fine glass ring
 86455 | Pan      | Identified the ring "Kacuacviyst" {*Slow rPois MR+++ Str+5
                  | Dex+3} (You found it in Pandemonium)
 86530 | Pan      | Identified the +4 whip of the People {holy, Int+3} (You
                  | found it in Pandemonium)
 86624 | Pan      | Got a fiery rune of Zot
 86644 | Pan      | Identified Guuna's Collected Works on Freezing Evil Secrets
 86647 | Pan      | Identified the Compendium of Creative Hexes
 86696 | Pan      | Entered the realm of Gloorx Vloq.
 86900 | Pan      | Found an exit through the horrors of the Abyss.
 87415 | Pan      | Noticed Gloorx Vloq
 87432 | Pan      | Killed Gloorx Vloq
 87497 | Pan      | Got a dark rune of Zot
 87704 | Depths:3 | Escaped Pandemonium
 87722 | Hell     | Entered the Vestibule of Hell
 87722 | Hell     | Noticed Geryon
 87749 | Hell     | Killed Geryon
 87784 | Hell     | Gained mutation: You are clumsy. (Dex -2) [a cacodemon]
 88705 | Hell     | Found a gateway to the freezing wastes of Cocytus.
 88761 | Hell     | Found a gateway to the ashen valley of Gehenna.
 88952 | Hell     | Found a gateway to the Iron City of Dis.
 89043 | Hell     | Found a gateway to the decaying netherworld of Tartarus.
 89105 | Coc:1    | Entered Level 1 of Cocytus
 89723 | Coc:7    | Entered Level 7 of Cocytus
 90051 | Coc:7    | Noticed Antaeus
 90084 | Coc:7    | Killed Antaeus
 90090 | Coc:7    | Found the +7 mace of Variability {chain chaos}
 90111 | Coc:7    | Got an icy rune of Zot
 90112 | Coc:7    | Identified the Incunabulum of the Compass
 90286 | Coc:7    | Lost mutation: You can translocate small distances at will.
                  | [mutagenic glow]
 90323 | Coc:7    | Identified the +6 scale mail of Inef Oxe {+Blink rElec
                  | Int-4}
 90362 | Coc:7    | Identified the +9 shortbow of skk's Bloody Death {velocity,
                  | Int+7}
 90642 | Geh:1    | Entered Level 1 of Gehenna
 90890 | Geh:1    | You are sucked into a shaft and drop 1 floor!
 91514 | Geh:7    | Entered Level 7 of Gehenna
 91552 | Geh:7    | Reached skill level 27 in Armour
 92262 | Geh:7    | Identified the +4 rapier of the Two Names {flame, -Tele
                  | Int+4 SInv} (You found it on level 7 of Gehenna)
 92515 | Geh:7    | Identified the +7 sceptre of Asmodeus
 92515 | Geh:7    | Noticed Asmodeus
 92517 | Geh:7    | Identified the cursed +2 hand axe of Destiny {vamp, rN+
                  | Str+7 Stlth-}
 92529 | Geh:7    | Killed Asmodeus
 92554 | Geh:7    | Got an obsidian rune of Zot
 92589 | Geh:7    | Got a fine platinum amulet
 92590 | Geh:7    | Identified the amulet "Lucvy" {+Rage rC- rN++ Int+6} (You
                  | found it on level 7 of Gehenna)
 92727 | Dis:1    | Entered Level 1 of the Iron City of Dis
 92822 | Dis:2    | You are sucked into a shaft and drop 1 floor!
 92839 | Dis:3    | You are sucked into a shaft and drop 2 floors!
 92907 | Dis:7    | Entered Level 7 of the Iron City of Dis
 93233 | Dis:7    | Found the +7 great mace "Firestarter" {inner flame, rF++}
 93291 | Dis:7    | Identified Xasiwuf's Catalogue of Assistive Air
 94005 | Dis:7    | Gained mutation: Your body sometimes deteriorates upon
                  | taking damage. [a cacodemon]
 94007 | Dis:7    | Gained mutation: Your body often deteriorates upon taking
                  | damage. [a cacodemon]
 94319 | Dis:7    | Reached skill level 27 in Dodging
 94319 | Dis:7    | Reached skill level 15 in Evocations
 94681 | Dis:7    | Reached skill level 1 in Spellcasting
 94767 | Dis:7    | Reached skill level 1 in Unarmed Combat
 94793 | Dis:7    | Reached skill level 1 in Throwing
 94927 | Dis:7    | Identified the +4 staff of Dispater
 94927 | Dis:7    | Noticed Dispater
 94940 | Dis:7    | Killed Dispater
 94947 | Dis:7    | Got an iron rune of Zot
 95081 | Tar:1    | Entered Level 1 of Tartarus
 95697 | Tar:2    | You are sucked into a shaft and drop 1 floor!
 96051 | Tar:5    | You are sucked into a shaft and drop 1 floor!
 96065 | Tar:6    | You are sucked into a shaft and drop 1 floor!
 96065 | Tar:7    | Entered Level 7 of Tartarus
 96159 | Tar:7    | Noticed an ancient lich
 96168 | Tar:7    | Killed an ancient lich
 96429 | Tar:7    | Noticed an ancient lich
 96434 | Tar:7    | Killed an ancient lich
 96735 | Tar:7    | Learned a level 9 spell: Shatter
 96797 | Tar:7    | Found the ring of Phasing {EV+8}
 96822 | Tar:7    | Identified the Reference Book on Fascination
 96909 | Tar:7    | Got a sparkling steel ring
 96910 | Tar:7    | Identified the ring of the Tarantula {-Tele rPois rC+ MR+
                  | Dex+4} (You found it on level 7 of Tartarus)
 96950 | Tar:7    | Found the +6 arbalest "Damnation" {damnation}
 97102 | Tar:7    | Noticed Ereshkigal
 97130 | Tar:7    | Killed Ereshkigal
 97163 | Tar:7    | Got a bone rune of Zot
 97366 | Tar:7    | Identified the +3 long sword "Owilon" {freeze, rElec
                  | Stlth+} (You found it on level 7 of Tartarus)
 97770 | Zot:1    | Entered Level 1 of the Realm of Zot
 98481 | Zot:4    | Lost mutation: Your body often deteriorates upon taking
                  | damage. [potion of mutation]
 98481 | Zot:4    | Lost mutation: You are clumsy. (Dex -2) [potion of
                  | mutation]
 98481 | Zot:4    | Lost mutation: You are robust. (+10% HP) [potion of
                  | mutation]
 98481 | Zot:4    | Gained mutation: Your mind is acute. (Int +2) [potion of
                  | mutation]
 98482 | Zot:4    | Lost mutation: Your muscles are strong. (Str +2) [potion of
                  | mutation]
 98482 | Zot:4    | Lost mutation: You have large cloven feet. [potion of
                  | mutation]
 98482 | Zot:4    | Lost mutation: Your body sometimes deteriorates upon taking
                  | damage. [potion of mutation]
 98482 | Zot:4    | Gained mutation: Your body sometimes deteriorates upon
                  | taking damage. [potion of mutation]
 98482 | Zot:4    | Gained mutation: Potions are less effective at restoring
                  | your health. [potion of mutation]
 98482 | Zot:4    | Gained mutation: You are robust. (+10% HP) [potion of
                  | mutation]
 98483 | Zot:4    | Lost mutation: You are robust. (+10% HP) [potion of
                  | mutation]
 98483 | Zot:4    | Lost mutation: Your body sometimes deteriorates upon taking
                  | damage. [potion of mutation]
 98483 | Zot:4    | Gained mutation: You passively map a small area around you.
                  | [potion of mutation]
 98483 | Zot:4    | Gained mutation: You evolve. [potion of mutation]
 98584 | Zot:5    | Entered Level 5 of the Realm of Zot
 98593 | Zot:5    | Reached skill level 1 in Stealth
 98688 | Zot:5    | Reached skill level 5 in Stealth
 98792 | Zot:5    | Noticed an ancient lich
 98802 | Zot:5    | Killed an ancient lich
 98815 | Zot:5    | Noticed an ancient lich
 98815 | Zot:5    | Noticed an ancient lich
 98816 | Zot:5    | Noticed an ancient lich
 98816 | Zot:5    | Noticed an ancient lich
 98816 | Zot:5    | Noticed an ancient lich
 98816 | Zot:5    | Noticed an orb of fire
 98817 | Zot:5    | Gained mutation: You are frail. (-10% HP) [an orb of fire]
 98822 | Zot:5    | Killed an ancient lich
 98823 | Zot:5    | Killed an ancient lich
 98824 | Zot:5    | Killed an ancient lich
 98824 | Zot:5    | Lost mutation: Your mind is acute. (Int +2) [an orb of
                  | fire]
 98826 | Zot:5    | Killed an ancient lich
 98826 | Zot:5    | Killed an ancient lich
 98829 | Zot:5    | Reached skill level 10 in Stealth
 98831 | Zot:5    | Gained mutation: You are clumsy. (Dex -2) [an orb of fire]
 98835 | Zot:5    | Gained mutation: You are weak. (Str -2) [an orb of fire]
 98836 | Zot:5    | Killed an orb of fire
 98848 | Zot:5    | Noticed an orb of fire
 98862 | Zot:5    | Killed an orb of fire
 98901 | Zot:5    | Noticed an ancient lich
 98901 | Zot:5    | Noticed an ancient lich
 98908 | Zot:5    | Noticed an ancient lich
 98910 | Zot:5    | Killed an ancient lich
 98912 | Zot:5    | Killed an ancient lich
 98916 | Zot:5    | Noticed an ancient lich
 98917 | Zot:5    | Killed an ancient lich
 98919 | Zot:5    | Noticed an orb of fire
 98923 | Zot:5    | Killed an ancient lich
 98934 | Zot:5    | Killed an orb of fire
 98951 | Zot:5    | Got the Orb of Zot
 99138 | Depths:4 | Noticed Fycaplat the pandemonium lord
 99212 | Depths:1 | Noticed a seraph
 99212 | Depths:1 | Identified the cursed +0 large shield of Agnosticism {rN+
                  | MR+ Dex-3}
 99396 | D:10     | Noticed an ancient lich
 99450 | D:8      | Noticed a seraph
 99571 | D:5      | Noticed a seraph
 99614 | D:5      | Noticed Vomnod the pandemonium lord
 99722 | D:$      | Escaped with the Orb!

Levels and vault maps discovered:
D:1:      onia_arrival_mini_spirals, layout_rooms, st_stairs_13,
          minmay_misc_feat_hallway, minmay_hexomino_u4
D:2:      layout_basic
D:3:      layout_loops_cross, first_ration, uniq_natasha, uniq_ijyb
D:4:      layout_rooms, fedhas_ov_isle_minmay, serial_shops, shop
D:5:      cheibrodos_quashed, layout_rooms, kennysheep_mini_moat,
          grunt_temple_overflow_open
D:6:      layout_loops_ring, minmay_temple_entry_sparse_star, serial_shops,
          kennysheep_mini, nicolae_shop_trees, nicolae_shop_stone, basic_altar,
          bloody_makhleb, uniq_crazy_yiuf_cottage
D:7:      lemuel_ice_spiral_2, layout_basic, lemuel_crystal_altar, basic_altar,
          uniq_menkaure
D:8:      lemuel_castle_with_subvaults [lemuel_castle_interior_carwin_1],
          layout_basic, dpeg_lair_monsters
D:9:      layout_basic, chequers_temple_overflow_minitemple,
          overflow_temple_1_default, nicolae_overflow_hidden_temple,
          grunt_qazlal_sundering, david_orc_2, enter_bailey_3, grunt_pizzeria,
          uniq_harold
D:10:     layout_rooms, sword_in_stone, uniq_erolcha, uniq_joseph, uniq_maurice
D:11:     layout_loops_ring
D:12:     layout_roguey, serial_bayou_pond_b
D:13:     layout_cave_pools, basic_altar, uniq_frances
D:14:     layout_basic, ximxim_vaults_locker_room, st_stairs_13
D:15:     grunt_enter_depths_snipers, layout_loops_ring, minmay_misc_feat_x,
          dk_noncrumbling_2, corexii_checkpoint_a, minivault_11, uniq_nessos,
          uniq_louise, uniq_agnes
Temple:   minmay_freezing_vapour_temple
Lair:1:   layout_loops_ring, basic_altar, nzn_random_ring,
          minmay_lair_oklob_chamber
Lair:2:   layout_chaotic_city, minmay_swamp_entry_reptiles,
          minmay_snake_entry_six_corridors, lemuel_fruit_tree,
          grunt_megastairs_2
Lair:3:   layout_roguey, infiniplex_staircase_pool_2
Lair:4:   layout_long_grid, gammafunk_ghost_wrathful_warriors,
          beast_lair_carwin_2
Lair:5:   layout_regular_city, slime_altar_1, grunt_megastairs_1
Lair:6:   hangedman_lair_caniforms_friends, layout_cave_pods,
          guppyfry_lair_end_dragon
Swamp:1:  layout_basic_swamp, serial_swamp_ruin, evilmike_swamp_ruin_house_5,
          evilmike_swamp_ruin_wall, uniq_kirke
Swamp:2:  layout_falls_marsh, hangedman_swamp_lotus, swamp_pool1,
          hangedman_swamp_ravenous, uniq_jorgrun
Swamp:3:  layout_falls_marsh, hangedman_swamp_pad, uniq_nikola
Swamp:4:  swamp_fiery, layout_basic_swamp
Snake:1:  gammafunk_the_bubble [the_bubble_gammafunk_plus_minus], layout_basic,
          ebering_ghost_gozag, serial_shops, shop, uniq_josephine, uniq_aizul
Snake:2:  layout_basic, basic_altar, st_stairs_10, serial_bayou_shore_b
Snake:3:  layout_gridlike
Snake:4:  grunt_snake_rune_pools, layout_concentric_octagons,
          portal_ice_cave_entry_horrid_things, serial_shops, shop, uniq_vashnia
Slime:1:  layout_caves
Slime:2:  layout_caves
Slime:3:  nicolae_slime_jelly_donut, layout_caves
Slime:4:  layout_caves, basic_altar
Slime:5
Orc:1:    layout_diamond_mine, nicolae_orc_flooded_monolith, uniq_nergalle
Orc:2:    grunt_orc_community_town_hall, layout_caves,
          grunt_orc_community_big_house_2, grunt_orc_community_big_house_2,
          grunt_orc_community_house_3, grunt_orc_community_house_2,
          grunt_orc_community_house_1, grunt_orc_community_house_2, uniq_donald
Elf:1:    layout_gridlike, serial_shops, shop, minmay_elf_annihilation
Elf:2:    layout_geoelf_grid, ebering_ghost_disaster_area
Elf:3:    minmay_elf_hall_four_x, layout_geoelf_diagonals, basic_altar,
          palyth_stone_intersect, minmay_misc_feat_columns
Vaults:1: nicolae_vaults_rhombus_6, ontoclasm_vaults_ring_square,
          nicolae_vaults_circle_grid_a, vaults_room_semicircle, v_misc_15,
          nicolae_vaults_little_squares_4, grunt_vaults_trifunnel,
          vaults_dpeg_diagonal, nicolae_vaults_three_branches,
          nicolae_vaults_little_squares_4, vaults_dpeg_ring,
          layout_vaults_omnicross
Vaults:2: ontoclasm_vaults_hangar, vaults_dpeg_hooks, nicolae_vaults_murderbox,
          vaults_room_hallway, vaults_room_hallway, layout_vaults_omnigrid,
          serial_shops, nicolae_shop_behind_doors, uniq_asterion
Vaults:3: v_misc_24, v_alt_pattern_6, hangedman_vaults_trim,
          nicolae_vaults_stairing_the_circle, ontoclasm_vaults_eye, v_rooms_1,
          vaults_mumra_minichess, ontoclasm_vaults_misaligned, st_cross,
          grunt_vaults_hallway_short, v_misc_19, vaults_dpeg_encased_lava,
          layout_vaults_omnibox, minmay_crypt_entry_simple_corners,
          serial_shops, nicolae_shop_overgrown_old_shop,
          lightli_enter_wizlab_magi_temple
Vaults:4: v_misc_31, vaults_mumra_chevron, hangedman_vaults_nails,
          st_quartered_hall, nicolae_vaults_hallways_thing, vaults_room_fours,
          layout_vaults_chaotic_city, serial_shops, shop, uniq_saint_roka,
          uniq_jory
Vaults:5
Crypt:1:  layout_catacombs, ebering_ghost_xom
Crypt:2:  layout_gridlike
Crypt:3:  due_elkab, layout_chaotic_city, tomb_entry_shell_bobbens, uniq_mennas
Tomb:1
Tomb:2
Tomb:3
Depths:1: layout_gridlike, chequers_serial_rivers_large_a,
          grunt_pan_entry_zigzag, grunt_hell_entry_dis_mu,
          kennysheep_generic_room_3, uniq_enchantress, uniq_bai_suzhen
Depths:2: lemuel_minitomb, layout_cave_shapes, enter_ziggurat_f, hell_entry,
          serial_bayou_shore_b, firewood_loft
Depths:3: giant_chief_lemuel, layout_cross, nrook_mini_backslash,
          rand_demon_pan_entry_3, hell_entry, grunt_megastairs_3,
          infiniplex_staircase_zigzag_3
Depths:4: gammafunk_sealed_library, layout_gridville, marbit_kobold_abyss_entry,
          hell_entry, serial_rivers, chequers_serial_rivers_micro_b,
          chequers_serial_rivers_small_b, chequers_serial_rivers_room_a,
          chequers_serial_rivers_room_b, minmay_staircase_bubble, uniq_frederick
Depths:5: grunt_profane_halls [grunt_profane_temple_coc,
          grunt_profane_temple_dis, grunt_profane_temple_geh,
          grunt_profane_temple_tar, grunt_zot_portal], hell_entry
Hell
Dis:1:    layout_chaotic_city
Dis:2:    layout_regular_city
Dis:3:    layout_gridville, hangedman_dis_chains
Dis:5:    layout_regular_city
Dis:6:    layout_overlapping_boxes
Dis:7:    dis_st
Geh:1:    layout_gehenna_pools_triple, lemuel_hellish_altar
Geh:2:    layout_gehenna_pools_triple
Geh:3:    layout_gehenna_lava_caves
Geh:4:    layout_gehenna_lava_caves
Geh:5:    layout_gehenna_pools_box, nicolae_geh_fiery_graves
          [nicolae_geh_single_fiery_grave, nicolae_geh_single_fiery_grave,
          nicolae_geh_single_fiery_grave, nicolae_geh_single_fiery_grave,
          nicolae_geh_single_fiery_grave, nicolae_geh_single_fiery_grave,
          nicolae_geh_single_fiery_grave, nicolae_geh_single_fiery_grave,
          nicolae_geh_single_fiery_grave]
Geh:6:    layout_gehenna_pools_basic
Geh:7:    geh_grunt
Coc:1:    layout_ice_bergs
Coc:2:    layout_cocytus_water_paths
Coc:3:    layout_ice_bergs, serial_ice, serial_ice_o, serial_ice_d, serial_ice_m
Coc:4:    layout_cocytus_water_paths
Coc:5:    layout_ice_bergs
Coc:6:    layout_ice_bergs
Coc:7:    coc_grunt
Tar:1:    layout_honeycomb
Tar:2:    layout_cathedral_of_symmetry
Tar:3:    layout_cathedral_of_symmetry
Tar:4:    layout_cathedral_of_symmetry, nicolae_tar_cuneiform_sun
Tar:5:    layout_grid_maze
Tar:6:    layout_cathedral_of_symmetry
Tar:7:    tar_old
Zot:1:    layout_twisted_circle
Zot:2:    layout_misc_corridors
Zot:3:    layout_twisted_circle
Zot:4:    layout_gridville
Zot:5:    layout_gridville, hangedman_zot_decor_scrapings

Skill      XL: |  1  2  3  4  5  6  7  8  9 10 11 12 13 14 15 16 17 18 19 20 21 22 23 24 25 26 27 |
---------------+----------------------------------------------------------------------------------+-----
Shields        | 4 5 6 8 10 11 13 14 16 17 18 19 20 21 22 23 24 25 26 27 | 27.0
Polearms       | 2 3 6 9 10 11 12 13 14 15 17 | 17.1
Maces & Flails | 1 2 3 4 5 6 8 9 10 11 | 11.2
Armour         | 4 5 6 7 8 9 10 11 27 | 27.0
Dodging        | 1 2 3 4 5 6 7 8 9 27 | 27.0
Fighting       | 4 5 6 7 8 9 10 11 12 13 14 15 17 19 27 | 27.0
Invocations    | 3 5 6 8 9 10 11 12 13 14 15 16 17 18 19 27 | 27.0
Evocations     | 1 2 23 | 23.9
Axes           | 3 4 6 9 10 11 12 13 15 | 15.2
Long Blades    | 27 | 27.0
Spellcasting   | 2 |  2.4
Unarmed Combat | 2 |  2.5
Throwing       | 2 |  2.3
Stealth        | 14 | 14.4

Action                   |  1- 3 |  4- 6 |  7- 9 | 10-12 | 13-15 | 16-18 | 19-21 | 22-24 | 25-27 || total
-------------------------+-------+-------+-------+-------+-------+-------+-------+-------+-------++-------
Melee: Trident           |    97 |       |       |       |  1205 |  1682 |  2078 |   209 |   408 ||  5679
       Whip              |    95 |    86 |   266 |   747 |   822 |       |       |       |       ||  2016
       Morningstar       |       |       |       |       |    93 |       |       |       |       ||    93
       War axe           |       |       |       |       |    35 |   151 |   702 |   174 |   500 ||  1562
       Demon trident     |       |       |       |       |       |       |       |  1458 |  1742 ||  3200
       Broad axe         |       |       |       |       |       |       |       |   169 |    28 ||   197
       Eudemon blade     |       |       |       |       |       |       |       |       |  4797 ||  4797
       Double sword      |       |       |       |       |       |       |       |       |  2608 ||  2608
       Scimitar          |       |       |       |       |       |       |       |       |   651 ||   651
Invok: Heroism           |       |       |     2 |     6 |    20 |    24 |    15 |    11 |    10 ||    88
       Finesse           |       |       |       |       |     2 |     2 |     1 |     3 |     1 ||     9
       Cleansing Flame   |       |       |       |       |       |       |       |       |   143 ||   143
       Summon Divine War |       |       |       |       |       |       |       |       |    42 ||    42
       Divine Shield     |       |       |       |       |       |       |       |       |     2 ||     2
       Brand Weapon With |       |       |       |       |       |       |       |       |     1 ||     1
 Abil: Evoke Blink       |       |       |       |     1 |       |       |       |       |       ||     1
       Fly               |       |       |       |       |     1 |       |       |       |     2 ||     3
       Stop Flying       |       |       |       |       |       |       |       |     1 |     1 ||     2
       Evoke Fog         |       |       |       |       |       |       |       |       |     6 ||     6
Evoke: Wand              |       |       |     2 |    12 |    15 |    21 |     1 |       |    28 ||    79
       Phantom mirror    |       |       |       |       |       |       |       |     1 |       ||     1
       Sack of spiders   |       |       |       |       |       |       |       |       |     6 ||     6
       Box of beasts     |       |       |       |       |       |       |       |       |     2 ||     2
  Use: Scroll            |       |     2 |     9 |    10 |    14 |     8 |    10 |    22 |   117 ||   192
       Potion            |       |       |     1 |     8 |     3 |     4 |     2 |     8 |    76 ||   102
 Stab: Confused          |       |       |       |       |     1 |     4 |     7 |       |     5 ||    17
       Sleeping          |       |       |       |       |     4 |     5 |     2 |       |       ||    11
       Distracted        |       |       |       |       |     2 |     1 |     4 |     1 |     1 ||     9
       Invisible         |       |       |       |       |       |    11 |       |       |       ||    11
       Petrified         |       |       |       |       |       |       |       |       |     3 ||     3
       Petrifying        |       |       |       |       |       |       |       |       |     2 ||     2
       Paralysed         |       |       |       |       |       |       |       |       |     2 ||     2
  Eat: Chunk             |     1 |     5 |     7 |    10 |    27 |    18 |    10 |     6 |    22 ||   106
       Ration            |       |       |       |     1 |     5 |     4 |     7 |     9 |    53 ||    79
Armor: Scale mail        |    96 |       |       |       |       |       |       |       |       ||    96
       Chain mail        |     8 |    44 |     2 |       |       |       |       |       |  1994 ||  2048
       Ring mail         |       |       |    80 |   132 |   335 |   306 |   260 |       |       ||  1113
       Crystal plate arm |       |       |       |       |   167 |       |       |       |       ||   167
       Plate armour      |       |       |       |       |       |       |   779 |   738 |  1058 ||  2575
Dodge: Dodged            |    62 |    19 |    75 |   176 |   679 |   329 |   772 |   490 |  2800 ||  5402
Block: Shield            |   110 |    34 |   176 |   450 |  1587 |  1111 |  2622 |  1732 |   579 ||  8401
       Reflection        |       |       |       |       |    11 |   108 |   170 |   151 |   334 ||   774
       Large shield      |       |       |       |       |       |       |       |       | 13742 || 13742
       Rpst.: Eudemon blade |       |       |       |       |       |       |       |       |   182 ||   182
       Double sword      |       |       |       |       |       |       |       |       |   139 ||   139
       Scimitar          |       |       |       |       |       |       |       |       |    44 ||    44
